 Dungeon Crawl Stone Soup version 0.30-a0-949-g53dc5368d7 (webtiles) character file.

Game seed: 3288426501695140330

1001352 bobo the Conqueror (level 27, -4/300 HPs)
             Began as a Hill Orc Reaver on Mar 22, 2023.
             Was the Champion of the Shining One.
             Killed by divine providence
             ... invoked by a smoke demon
              (14 damage)
             ... in Pandemonium on Mar 27, 2023.
             The game lasted 08:34:05 (92867 turns).

bobo the Conqueror (Hill Orc Reaver)               Turns: 92867, Time: 08:34:06

Health: -4/300     AC: 46    Str: 29    XL:     27
Magic:  47/51      EV: 37    Int: 10    God:    the Shining One [******]
Gold:   5527       SH: 31    Dex: 34    Spells: 12/56 levels left

rFire   . . .      SeeInvis +    q - +10 zealot's sword {holy, Zealotry, *Rage rN+ EV+3}
rCold   + . .      Faith    .    y - +3 warlock's mirror {omnireflect}
rNeg    + + +      Spirit   .    m - +14 pearl dragon scales of the Solstice {Contam rN+ Dex+6}
rPois   .          Reflect  +    O - +0 mask of the Dragon {Will+ Slay+3 SInv}
rElec   .          Rampage  +    J - scarf "Wesyg" {rC+ rF+, Drain Dex+4 Slay+6 SInv}
rCorr   +          Clarity  +    F - +1 pair of gloves "Ymnuu" {Contam Dex+5}
Will    ++++.                    f - +2 pair of boots {rampage}
Stlth   +                        Q - amulet of Farhyhoh {Will+ Regen+ Dex+4}
HPRegen 1.50/turn                o - ring of Onwoy {rN+++ rCorr MP+9 AC+4 Int-3}
MPRegen 0.32/turn                i - ring "Ufizikk" {EV+5 Str+8}

@: divinely shielded, glowing, unable to read
A: antennae 2, clarity, dopey 1, robust 1, wild magic 1, heat vulnerability 1,
inability to read after injury 1
}: 9/15 runes: decaying, slimy, silver, icy, bone, abyssal, demonic, dark,
gossamer
a: Renounce Religion, Divine Shield, Cleansing Flame, Summon Divine Warrior


You were in Pandemonium.
You worshipped the Shining One.
The Shining One was exalted by your worship.
You visited 16 branches of the dungeon, and saw 74 of its levels.
You visited Pandemonium 1 time, and saw 10 of its levels.
You visited the Abyss 1 time.
You also visited: Sewer, Gauntlet, Ice Cave, Wizlab and Desolation.

You collected 11864 gold pieces.
You spent 6337 gold pieces at shops.

Inventory:

Hand Weapons
 a - a +9 double sword of holy wrath
 q - the +10 zealot's sword (weapon) {holy, Zealotry, *Rage rN+ EV+3}
   (You took it off a deep elf elementalist on level 3 of the Elven Halls)

   Zealotry:  Whenever the wielder enters a berserk rage, their allies are
   berserked alongside them.
   EV:        It affects your evasion (+3).
   rN:        It protects you from negative energy.
   *Rage:     It berserks you when you make melee attacks (+20% chance).
 s - a +9 double sword of venom
 S - a +5 heavy double sword
Missiles
 T - 7 silver javelins (quivered)
Armour
 f - a +2 pair of boots of rampaging (worn)
 m - the +14 pearl dragon scales of the Solstice (worn) {Contam rN+ Dex+6}
   (You bought it in a shop on level 4 of the Dungeon)

   Dex:       It affects your dexterity (+6).
   rN:        It protects you from negative energy.
   Contam:    It causes magical contamination when unequipped.
 y - the +3 warlock's mirror (worn) {omnireflect}
   (You found it on level 14 of the Dungeon)

   Omnireflect: It can block and reflect piercing ranged attacks and magical
   attacks against the wielder's willpower.
 F - the +1 pair of gloves "Ymnuu" (worn) {Contam Dex+5}
   (Okawaru gifted it to you on level 5 of the Vaults)

   Dex:       It affects your dexterity (+5).
   Contam:    It causes magical contamination when unequipped.
 J - the scarf "Wesyg" (worn) {rC+ rF+, Drain Dex+4 Slay+6 SInv}
   (Okawaru gifted it to you on level 4 of the Swamp)

   Dex:       It affects your dexterity (+4).
   Slay:      It affects your accuracy & damage with ranged weapons and melee
   (+6).
   SInv:      It lets you see invisible.
   Drain:     It drains your maximum health when unequipped.
 O - the +0 mask of the Dragon (worn) {Will+ Slay+3 SInv}
   (You found it on level 3 of the Elven Halls)

   Slay:      It affects your accuracy & damage with ranged weapons and melee
   (+3).
   SInv:      It lets you see invisible.
   Will:      It increases your willpower.
 R - a +8 tower shield of protection
Jewellery
 e - a +4 ring of slaying
 i - the ring "Ufizikk" (right hand) {EV+5 Str+8}
   (You found it on level 1 of the Crypt)

   [ring of evasion]

   EV:        It affects your evasion (+5).
   Str:       It affects your strength (+8).
 l - the ring of the Hare {EV+10}
   (You found it on level 1 of the Tomb of the Ancients)

   [ring of evasion]

   EV:        It affects your evasion (+10).
 o - the ring of Onwoy (left hand) {rN+++ rCorr MP+9 AC+4 Int-3}
   (You found it in the Desolation of Salt)

   [ring of protection]

   AC:        It affects your AC (+4).
   Int:       It affects your intelligence (-3).
   rN:        It renders you almost immune to negative energy.
   MP:        It affects your magic capacity (+9).
   rCorr:     It protects you from acid and corrosion.
 x - a ring of protection from fire
 K - the ring of Erphom Huad {Wiz Int+2 Slay-2 Stlth+}
   (You found it in Pandemonium)

   [ring of wizardry]

   It improves your spell success rate.
   Int:       It affects your intelligence (+2).
   Slay:      It affects your accuracy & damage with ranged weapons and melee
   (-2).
   Stlth:     It makes you more stealthy.
 L - the ring "Fumev" {rElec rF- Str+6 Dex+9 SInv}
   (You found it on level 2 of the Spider Nest)

   [ring of strength]

   Str:       It affects your strength (+6).
   Dex:       It affects your dexterity (+9).
   rF:        It makes you vulnerable to fire.
   rElec:     It insulates you from electricity.
   SInv:      It lets you see invisible.
 Q - the amulet of Farhyhoh (around neck) {Will+ Regen+ Dex+4}
   (You found it in the Desolation of Salt)

   [amulet of regeneration]

   Dex:       It affects your dexterity (+4).
   Regen:     It increases your rate of health regeneration.
   Will:      It increases your willpower.
 U - the ring of Qesoptol {rElec rC+++ Will+ Int-2 Dex-3}
   (You took it off a necromancer on level 5 of the Vaults)

   [ring of willpower]

   Int:       It affects your intelligence (-2).
   Dex:       It affects your dexterity (-3).
   rC:        It renders you almost immune to cold.
   rElec:     It insulates you from electricity.
   Will:      It increases your willpower.
 V - the ring "Dockix" {Fly Dex+4}
   (You found it in an ice cave)

   [ring of flight]

   Dex:       It affects your dexterity (+4).
   Fly:       It grants you flight.
Wands
 p - a wand of iceblast (16)
 r - a wand of light (58)
 P - a wand of paralysis (7)
 W - a wand of digging (44)
Scrolls
 c - 18 scrolls of fog
 g - 9 scrolls of magic mapping
 t - 33 scrolls of teleportation
 v - 17 scrolls of poison
 z - 11 scrolls of fear
 C - 2 scrolls of silence
 H - a scroll of enchant armour
 I - 5 scrolls of blinking
 N - 8 scrolls of amnesia
Potions
 b - 8 potions of might
 d - 9 potions of flight
 j - 11 potions of haste
 k - 8 potions of magic
 n - 27 potions of curing
 u - 3 potions of ambrosia
 w - 3 potions of resistance
 A - 21 potions of mutation
 B - 11 potions of berserk rage
 D - 11 potions of brilliance
 E - 9 potions of attraction
 G - 7 potions of lignification
 M - a potion of cancellation


   Skills:
 O Level 27 Fighting
 - Level 23.7 Long Blades
 - Level 12.0 Throwing
 - Level 24.0 Armour
 - Level 16.0 Dodging
 + Level 19.3 Shields
 - Level 15.0 Spellcasting
 - Level 10.0 Conjurations
 - Level 15.0 Hexes
 - Level 1.0 Necromancy
 - Level 16.0 Translocations
 - Level 10.0 Transmutations
 - Level 5.2 Fire Magic
 - Level 3.0 Ice Magic
 + Level 11.4 Air Magic
 - Level 4.2 Poison Magic
 + Level 25.2 Invocations


You had 12 spell levels left.
You knew the following spells:

 Your Spells              Type           Power      Damage    Failure   Level
a - Passwall              Tmut/Erth      18%        N/A       4%          2
b - Momentum Strike       Conj/Tloc      86%        3d10      1%          2
c - Ignite Poison         Fire/Tmut/Pois 26%        N/A       4%          3
d - Vhi's Electric Charg  Tloc/Air       90%        N/A       1%          3
e - Blink                 Tloc           100%       N/A       1%          2
f - Irradiate             Conj/Tmut      17%        3d17      10%         5
l - Leda's Liquefaction   Hex/Erth       14%        N/A       10%         4
r - Swiftness             Air            39%        N/A       1%          3
s - Silence               Hex/Air        22%        N/A       3%          5
w - Passage of Golubria   Tloc           50%        N/A       1%          4
x - Manifold Assault      Tloc           50%        N/A       1%          4
y - Yara's Violent Unrav  Hex/Tmut       21%        3d10      4%          5
z - Wereblood             Tmut           35%        N/A       1%          2

Your spell library contained the following spells:

 Spells                   Type           Power      Damage    Failure   Level
 Apportation              Tloc           100%       N/A       1%          1
 Beastly Appendage        Tmut           70%        N/A       1%          1
 Shock                    Conj/Air       100%       1d9       1%          1
 Slow                     Hex            100%       N/A       1%          1
 Sting                    Tmut/Pois      100%       1d8       1%          1
 Ensorcelled Hibernation  Hex/Ice        66%        N/A       1%          2
 Lesser Beckoning         Tloc           100%       N/A       1%          2
 Static Discharge         Conj/Air       74%        2-6/arc   1%          2
 Confusing Touch          Hex            48%        N/A       1%          3
 Dazzling Flash           Conj/Hex       84%        N/A       1%          3
 Inner Flame              Hex/Fire       36%        N/A       1%          3
 Kindle Blastsparks       Fire/Tloc/Air  76%        2d16      1%          3
 Portal Projectile        Hex/Tloc       100%       N/A       1%          3
 Cause Fear               Hex            24%        N/A       1%          4
 Fulminant Prism          Conj/Hex       21%        3d12      1%          4
 Iskenderun's Mystic Bla  Conj/Tloc      43%        2d10      1%          4
 Kiss of Death            Conj/Necr      96%        2d12      2%          1
 Airstrike                Air            19%        2d(3-19)  2%          4
 Summon Guardian Golem    Hex/Summ       29%        N/A       3%          3
 Cigotuvi's Dreadful Rot  Necr/Pois/Air  48%        N/A       4%          2
 Hailstorm                Conj/Ice       26%        3d7       4%          3
 Spider Form              Tmut/Pois      28%        N/A       4%          3
 Freeze                   Ice            68%        1d8       7%          1
 Anguish                  Hex/Necr       15%        N/A       8%          4
 Arcjolt                  Conj/Air       18%        1d28      8%          5
 Stone Arrow              Conj/Erth      44%        3d9       9%          3
 Flame Wave               Conj/Fire      29%        2d9       10%         4
 Sticky Flame             Conj/Fire      29%        2d5       10%         4
 Blade Hands              Tmut           17%        N/A       10%         5
 Iskenderun's Battlesphe  Conj           35%        2d9       10%         5
 Necrotise                Necr           48%        1d6       13%         1
 Ice Form                 Ice/Tmut       26%        N/A       14%         4
 Metabolic Englaciation   Hex/Ice        16%        N/A       14%         5
 Frozen Ramparts          Ice            34%        1d6       17%         3
 Summon Lightning Spire   Summ/Air       24%        N/A       19%         4
 Plasma Beam              Fire/Air       15%        2x1d29    19%         5
 Sandblast                Erth           18%        2d7       21%         1
 Sublimation of Blood     Necr           12%        N/A       21%         2
 Freezing Cloud           Conj/Ice/Air   15%        6-21      21%         5
 Petrify                  Tmut/Erth      22%        N/A       24%         4
 Fireball                 Conj/Fire      14%        3d8       24%         5
 Alistair's Intoxication  Tmut/Pois      18%        N/A       28%         5
 Enfeeble                 Hex            24%        N/A       32%         7
 Vampiric Draining        Necr           12%        2d6       34%         3
 Conjure Ball Lightning   Conj/Air       18%        3x3d6     34%         6
 Call Canine Familiar     Summ           9%         N/A       47%         3
 Summon Ice Beast         Ice/Summ       13%        N/A       67%         4
 Dispel Undead            Necr           12%        3d9       73%         4
 Starburst                Conj/Fire      14%        6d6       75%         6
 Eringya's Noxious Bog    Tmut/Pois      14%        N/A       82%         6
 Disjunction              Tloc           25%        N/A       83%         8
 Animate Armour           Summ/Erth      18%        N/A       86%         4
 Storm Form               Tmut/Air       18%        N/A       87%         7
 Dragon Form              Tmut           17%        N/A       92%         7
 Orb of Destruction       Conj           17%        9d7       92%         7
 Discord                  Hex            24%        N/A       92%         8
 Agony                    Necr           12%        N/A       96%         5
 Iron Shot                Conj/Erth      11%        9d3       97%         6
 Statue Form              Tmut/Erth      14%        N/A       97%         6
 Borgnjor's Vile Clutch   Necr/Erth      5%         N/A       98%         5
 Lee's Rapid Deconstruct  Erth           4%         3d5*      99%         5
 Malign Gateway           Summ/Tloc      15%        N/A       99%         7
 Death Channel            Necr           6%         N/A       100%        6
 Simulacrum               Ice/Necr       7%         N/A       100%        6
 Summon Cactus Giant      Summ           4%         N/A       100%        6
 Spellforged Servitor     Conj/Summ      11%        N/A       100%        7
 Summon Hydra             Summ           4%         N/A       100%        7
 Ignition                 Fire           11%        3d5       100%        8
 Lehudib's Crystal Spear  Conj/Erth      11%        10d4      100%        8
 Maxwell's Capacitive Co  Air            19%        ∞         100%        8
 Necromutation            Tmut/Necr      12%        N/A       100%        8
 Death's Door             Necr           6%         N/A       100%        9
 Dragon's Call            Summ           4%         N/A       100%        9
 Polar Vortex             Ice            8%         N/A       100%        9


Dungeon Overview and Level Annotations

Branches:
Dungeon (15/15)            Temple (1/1) D:7            Lair (5/5) D:11
  Swamp (4/4) Lair:3       Spider (4/4) Lair:2        Slime (5/5) Lair:4
    Orc (2/2) D:12            Elf (3/3) Orc:2        Vaults (5/5) D:13
  Crypt (3/3) Vaults:3       Tomb (3/3) Crypt:3      Depths (4/4) D:15
   Hell (visited)             Dis (0/7) Hell            Geh (0/7) Hell
    Coc (7/7) Hell            Tar (7/7) Hell            Zot (5/5) Depths:4
  Sewer (visited)           IceCv (visited)          WizLab (visited)
Desolation (visited)      Gauntlet (visited)

Altars:
Ashenzari
Cheibriados
Dithmenos
Elyvilon
Fedhas
Gozag
Hepliaklqana
Kikubaaqudgha
Makhleb
Nemelex Xobeh
Okawaru
Qazlal
Ru
Sif Muna
Trog
Uskayaw
Vehumet
Wu Jian
Xom
Yredelemnul
Zin
The Shining One

Shops:
D:4 *[*!=   D:6 ?   D:7 *   D:9 ?   D:10 ?   D:13 [   Orc:1 ==!**   Orc:2 ?=:?!
Elf:1 [   Elf:2 [   Elf:3 !   Depths:1 :(=?   Depths:2 *

Portals:
Hell: Depths:1 Depths:2 Depths:3 Depths:4
Abyss: Depths:3 Depths:4
Pandemonium: Depths:1 Depths:2 Depths:4
Ziggurat: Depths:2

Annotations:
D:8 2 runed translucent doors, cheesebisquit's ghost, novice TrFi
Zot:1 4 transporters
Zot:5 1 exclusion


Innate Abilities, Weirdness & Mutations

You have a pair of antennae on your head.
You possess an exceptional clarity of mind.
You are dopey. (Int -2)
You are robust. (+10% HP)
Your spells are a little harder to cast, but a little more powerful.
You are vulnerable to heat. (rF-)
You occasionally lose the ability to read scrolls when taking damage.


Message History

The tormentor is almost dead.
You block the tormentor's attack. x2
You slice the tormentor like a ripe choko!!!
You kill the tormentor!
The Shining One accepts your kill. The smoke demon gestures at you.
Something smites you!
* * * LOW HITPOINT WARNING * * *
A tormentor and a smoke demon come into view.
The tormentor roars!
The smoke demon roars!
You hear a roar!
The smoke demon gestures at you. Something smites you!
* * * LOW HITPOINT WARNING * * *
The tormentor moves out of view.
A tormentor comes into view.
The tormentor roars!
You hear a roar!
The tormentor says, "I will eat your liver."
A ynoxinul comes into view.
The smoke demon gestures at you. Something smites you!
* * * LOW HITPOINT WARNING * * *
The tormentor grins evilly.
The smoke demon gestures at you. Something smites you!
* * * LOW HITPOINT WARNING * * *
The tormentor grins malevolently.
The smoke demon gestures at you. Something smites you!
* * * LOW HITPOINT WARNING * * *
The tormentor shouts, "Prepare for my thousand needles of pain!"
The smoke demon gestures at you. Something smites you!
* * * LOW HITPOINT WARNING * * *
The smoke demon gestures at you. Something smites you!
* * * LOW HITPOINT WARNING * * *
You feel better. The smoke demon gestures at you. Something smites you!
You die...

#####...#####.. .3
#...#...#.. # ############
#...#...#..
#.#...33.3333{{{#...#...#..
#.###############...'...#..
#.≈≈§≈≈≈§§§≈≈≈≈≈#...#...#..
#..§§...§.......'...#...#..
#.....2.........'...#...#..
#.........@.....'...#####..
#$§≈≈≈≈≈§§A§≈≈§≈#..........
#§###############..........
# #.3333{333{{ #...#######
############ #...#......
.22 {{{#...#...... ###
#...+..#### ....#. + ....#
#


You could see 10 smoke demons, 2 tormentors and a friendly angel (summoned).

Vanquished Creatures
  Antaeus (Coc:7)
  the Royal Jelly (Slime:5)
  Gloorx Vloq (Pan)
  Ereshkigal (Tar:7)
  the Serpent of Hell (Tar:7)
  7 dread liches
  12 ancient liches
  An orb of fire (Zot:1)
  Mennas (Tomb:3)
  Mara (Depths:2)
  26 royal mummies
  Josephina (Depths:4)
  12 shard shrikes
  The ghost of Leriaza the Warrior, a veteran DsVM of Vehumet (Vaults:1)
  Xtahua (Vaults:3)
  the Lernaean hydra (Swamp:4)
  A curse toe (Zot:4)
  Margery (Crypt:1)
  9 golden dragons
  2 profane servitors (Tar:2)
  Geryon (Hell)
  34 bone dragons
  A mutant beast (WizLab)
  Arachne (Spider:3)
  29 Tzitzimimeh
  3 pandemonium lords (Pan)
  18 doom hounds
  5 Brimstone Fiends (Pan)
  A hellephant (Pan)
  Zenata (Elf:3)
  18 tentacled monstrosities
  3 Orb Guardians (Zot:5)
  Jorgrun (Elf:2)
  6 Hell Sentinels (Pan)
  28 Ice Fiends
  Rupert (Lair:1)
  16 tainted leviathans
  7 deep elf master archers
  12 liches
  11 deep elf blademasters
  A walking divine tome (Depths:2)
  9 quicksilver dragons
  24 titans
  13 acid blobs
  15 ancient champions
  26 Executioners (Pan)
  6 sphinxes
  12 shadow dragons
  Donald (Spider:4)
  9 tengu reavers
  11 storm dragons
  10 death cobs
  The ghost of Siaveam the Stormcaller, an adept DrFE of Vehumet (D:15)
  A thorn hunter (Swamp:2)
  5 draconian monks
  A daeva (Abyss:3)
  4 draconian knights
  14 rockslimes
  A fenstrider witch (Swamp:1)
  10 demonspawn warmongers (Pan)
  A nargun (Coc:3)
  15 fire giants
  6 azure jellies
  5 revenants
  3 iron dragons
  The ghost of Kilowitz the Fighter, a journeyman MiFi of Okawaru (Spider:2)
  An emperor scorpion (Spider:4)
  A spectral juggernaut (Tar:2)
  Louise (Depths:3)
  15 frost giants
  18 vault wardens
  2 imperial myrmidons (Desolation)
  10 shard shrike simulacra
  The ghost of FexLirch the Bludgeoner, a journeyman AtFi of Hepliaklqana (Swamp:1)
  14 balrugs
  3 draconian stormcallers
  2 ghost moths
  4 curse skulls
  8 ghouls
  2 angels (Pan)
  6 deep elf sorcerers
  3 draconian shifters
  8 deep elf elementalists
  4 draconian scorchers
  Aizul (Spider:1)
  A draconian annihilator (Depths:4)
  4 spriggan defenders
  2 orc warlords (Vaults:3)
  9 quicksilver oozes
  3 spectral caustic shrikes
  8 cacodemons (Pan)
  19 reapers
  14 demonspawn corrupters (Pan)
  17 ironbound preservers
  46 very ugly things
  4 demonspawn blood saints (Pan)
  26 stone giants
  10 green draconians
  The ghost of Pixtaico the Unseen, an adept FeNe of Elyvilon (Vaults:1)
  A caustic shrike skeleton (Crypt:3)
  2 war gargoyles (Vaults:5)
  12 putrid mouths
  2 bennus (Tomb:2)
  31 elemental wellsprings
  6 ironbound thunderhulks
  9 vampire knights
  8 black draconians
  12 deep elf demonologists
  A bunyip (shapeshifter) (Vaults:4)
  9 lorocyprocas (Pan)
  4 white draconians
  4 eleionomae
  16 deep elf annihilators
  12 red draconians
  A minotaur (Gauntlet)
  11 wendigos
  10 purple draconians
  5 bunyips
  3 yellow draconians
  5 demonspawn black suns (Pan)
  9 dire elephants
  8 spark wasps
  A halazid warlock (Desolation)
  21 eidola
  7 green deaths (Pan)
  10 ettins
  7 blizzard demons
  12 jiangshi
  3 crystal guardians
  19 mummy priests
  12 deep elf death magi
  4 fire dragons
  2 shambling mangroves
  A spectral quicksilver dragon (Tar:6)
  8 entropy weavers
  10 great orbs of eyes
  6 ragged hierophants (Desolation)
  10 yaktaur captains
  4 deep elf high priests
  2 fenstrider witch zombies (Crypt:3)
  6 rakshasas
  25 hydras
  7 servants of whispers (Desolation)
  2 ogre magi
  14 ice dragons
  27 vault guards
  13 caustic shrike simulacra
  3 spriggan air magi
  5 hell beasts
  17 peacekeepers
  3 spriggan skeletons
  6 juggernaut simulacra
  4 jorogumos (Spider:4)
  6 ironbound frosthearts
  A radroach (Spider:1)
  4 centaur warriors
  6 boulder beetles
  A fenstrider witch skeleton (Crypt:2)
  24 dancing weapons
  10 two-headed ogres
  3 tengu warriors
  4 death knights
  73 death scarabs
  3 deep troll shamans (Depths:1)
  An Orb Guardian skeleton (Crypt:1)
  7 deep troll earth magi
  2 spectral stone giants
  A hell hog (Depths:1)
  7 alligators
  8 vampire magi
  7 death yaks
  8 spriggan berserkers
  3 orc high priests
  A titan zombie (Crypt:3)
  18 hell knights
  4 thrashing horrors (Abyss:3)
  41 soul eaters
  57 sun demons
  3 wretched stars (Abyss:3)
  Sonja (D:12)
  Nergalle (D:12)
  A storm dragon skeleton (Pan)
  A fire crab (D:15)
  56 skeletal warriors
  4 pharaoh ants
  18 deep elf knights
  4 iron trolls
  4 titan skeletons
  3 sun moths
  12 sixfirhies
  A bunyip zombie (Crypt:3)
  A goliath frog (Swamp:4)
  A salamander mystic (Depths:2)
  A spark wasp zombie (Crypt:1)
  A death drake (shapeshifter) (WizLab)
  A skyshark (Lair:5)
  An anaconda zombie (Crypt:3)
  40 deep trolls
  7 flayed ghosts
  2 swamp dragons (shapeshifter)
  17 shadow demons (Pan)
  26 shadow wraiths
  An orb spider (shapeshifter) (WizLab)
  5 quicksilver dragon simulacra
  11 swamp dragons
  9 spriggan simulacra
  A spectral iron dragon (Tar:4)
  2 spectral anacondas (Tar:1)
  4 glowing orange brains
  11 bog bodies
  A harpy (shapeshifter) (WizLab)
  11 wizards
  6 orb spiders
  A bunyip skeleton (Crypt:3)
  22 deep elf pyromancers
  2 spectral wolf spiders (Spider:4)
  12 phantasmal warriors
  5 steelbarb worms
  2 orange crystal statues
  5 lindwurms
  17 necromancers
  6 orc sorcerers
  14 deep elf archers
  18 ironbound convokers
  2 oklob plants
  5 harpies
  54 ugly things
  26 deep elf zephyrmancers
  An anaconda skeleton (Pan)
  A fire giant zombie (Crypt:2)
  A shining eye (shapeshifter) (WizLab)
  11 orc knights
  A cyclops (shapeshifter) (WizLab)
  2 human zombies (Vaults:5)
  5 will-o-the-wisps
  14 wolf spiders
  3 salamanders
  6 cyclopes
  41 large abominations
  7 shining eyes
  A centaur zombie (Hell)
  2 manticores
  17 moths of wrath
  A worldbinder (Abyss:3)
  An elephant (shapeshifter) (Vaults:5)
  2 salamanders (shapeshifter) (WizLab)
  3 spectral centaurs
  A goliath frog skeleton (Crypt:1)
  A jorogumo skeleton (Crypt:3)
  A spectral alligator snapping turtle (Tar:1)
  An iron dragon skeleton (Hell)
  An eye of devastation (Abyss:3)
  2 black mambas (shapeshifter) (Vaults:5)
  A stone giant skeleton (Crypt:3)
  8 elephants
  2 guardian serpents (Desolation)
  4 titan simulacra
  5 demonic crawlers
  2 guardian serpents (shapeshifter)
  7 rust devils
  3 black mambas
  3 centaur skeletons
  A gargoyle (D:13)
  11 torpor snails
  4 molten gargoyles
  13 vault sentinels
  A dire elephant skeleton (Hell)
  21 cane toads
  An eye of devastation (shapeshifter) (Vaults:5)
  25 smoke demons
  A dire elephant zombie (Hell)
  6 unseen horrors
  8 hellions
  8 orange demons (Pan)
  4 spectral redbacks (Spider:4)
  A swamp worm zombie (Crypt:3)
  A cane toad (shapeshifter) (WizLab)
  7 storm dragon simulacra (IceCv)
  2 unseen horrors (shapeshifter)
  5 rime drakes
  A yaktaur (shapeshifter) (WizLab)
  29 yaktaurs
  5 bunyip simulacra
  4 efreet
  11 komodo dragons
  2 redback zombies (Spider:4)
  6 iron giant simulacra
  2 kobold demonologists (D:11)
  An alligator snapping turtle skeleton (Pan)
  5 ice devils
  2 rime drakes (shapeshifter)
  A komodo dragon (shapeshifter) (WizLab)
  8 anaconda simulacra
  An ancient zyme (Abyss:3)
  22 tormentors
  13 freezing wraiths
  45 guardian mummies
  4 spectral nagas
  6 tengu conjurers
  9 golden dragon simulacra
  A catoblepas skeleton (Crypt:1)
  A yaktaur skeleton (Vaults:4)
  A green draconian skeleton (Crypt:3)
  2 human skeletons
  3 meliai (Abyss:3)
  A tengu simulacrum (Depths:4)
  A spectral harpy (Tar:4)
  A troll (shapeshifter) (WizLab)
  2 queen bees (shapeshifter) (WizLab)
  5 red devils
  4 polar bears
  A sphinx simulacrum (Depths:4)
  A silent spectre (Tar:7)
  2 bloated husks (Swamp:3)
  3 spectral jumping spiders (Spider:4)
  A spectral tarantella (Spider:4)
  5 hellwings (Pan)
  14 tyrant leeches
  4 trolls
  A shadow dragon simulacrum (Depths:4)
  A hydra skeleton (Crypt:1)
  17 tarantellas
  22 hornets
  A wolf spider simulacrum (D:15)
  A raiju (Gauntlet)
  2 culicivora zombies (Spider:4)
  70 saltlings (Desolation)
  19 blink frogs
  A harpy skeleton (Pan)
  A jumping spider zombie (Spider:4)
  4 iron dragon simulacra
  A satyr zombie (Crypt:1)
  A jumping spider (shapeshifter) (WizLab)
  A fire dragon zombie (Crypt:3)
  A raiju (shapeshifter) (WizLab)
  2 tarantella zombies (Spider:4)
  100 slime creatures
  A black mamba zombie (Crypt:2)
  9 centaur simulacra
  22 jumping spiders
  4 stone giant simulacra
  4 vampires (Crypt:3)
  A spectral black mamba (Tar:2)
  2 culicivoras (shapeshifter) (WizLab)
  3 ettin skeletons
  16 spriggans
  A spriggan (shapeshifter) (WizLab)
  A fire dragon skeleton (Crypt:2)
  11 flying skulls
  A slime creature (shapeshifter) (Depths:1)
  3 dire elephant simulacra
  2 wind drake zombies
  2 air elementals
  11 ushabtiu
  22 culicivoras
  2 fire elementals
  5 wyverns
  10 wraiths
  4 shadows
  24 ynoxinuls (Pan)
  3 hogs (shapeshifter)
  4 naga simulacra
  4 water elementals
  7 golden eyes
  43 yaks
  6 basilisks
  28 chaos spawn
  20 humans
  An iron golem (WizLab)
  A wind drake skeleton (Crypt:2)
  11 neqoxecs (Pan)
  5 steam dragons
  54 redbacks
  15 vampire mosquitoes
  15 harpy simulacra
  7 acid dragons
  8 swamp worms
  A glowing shapeshifter zombie (Vaults:5)
  A hell hound (Hell)
  7 floating eyes
  A floating eye (shapeshifter) (WizLab)
  Pargi (Sewer)
  A naga skeleton (Tomb:2)
  14 water moccasins
  24 orc warriors
  5 swamp drakes
  3 black bears (shapeshifter) (WizLab)
  2 ice dragon simulacra (IceCv)
  9 ettin simulacra
  An ice beast (D:7)
  A black bear (D:5)
  8 sky beasts
  14 ogres
  A blink frog zombie (Crypt:3)
  A lindwurm skeleton (Crypt:2)
  13 wolves
  7 centaurs
  A torpor snail zombie (Crypt:3)
  6 starcursed masses (Abyss:3)
  A phantom (D:7)
  A hog skeleton (Crypt:2)
  2 elf zombies (Elf:1)
  4 kobold brigands
  A yaktaur zombie (Crypt:2)
  5 necrophages
  2 gnoll sergeants
  11 bullfrogs
  An earth elemental (Elf:1)
  3 scorpions
  A wyvern zombie (Crypt:2)
  A human simulacrum (Vaults:4)
  12 wights
  11 small abominations
  2 polar bear zombies
  6 killer bees (D:9)
  5 lindwurm simulacra (IceCv)
  9 howler monkeys
  3 electric eels
  3 jellies
  8 hounds
  3 gnoll boudas
  12 orc priests
  Ijyb (D:4)
  5 iguanas
  17 orc wizards
  3 hell rats (Hell)
  A boggart skeleton (Crypt:1)
  An acid dragon zombie (Crypt:2)
  A boggart simulacrum (D:15)
  34 mummies
  27 gnolls
  7 adders
  2 white imps
  6 ufetubi
  A jelly zombie (Crypt:1)
  2 worms
  A worm (shapeshifter) (WizLab)
  70 orcs
  11 ball pythons
  5 bats
  5 endoplasms
  2 giant cockroaches
  12 hobgoblins
  6 jackals
  A quokka (D:5)
  3 frilled lizards
  6 goblins
  A goblin zombie (Crypt:1)
  27 kobolds
  5 rats
  2 briar patches (Swamp:2)
3609 creatures vanquished.

Vanquished Creatures (collateral kills)
  4 pandemonium lords (Pan)
  3 royal mummies
  7 bone dragons
  2 Tzitzimimeh
  3 doom hounds
  An Ice Fiend (Coc:7)
  3 tainted leviathans (Tar:7)
  A titan (Coc:7)
  2 ancient champions
  3 acid blobs (Slime:5)
  5 Executioners (Pan)
  A rockslime (Slime:5)
  An iron dragon (Hell)
  3 demonspawn warmongers (Pan)
  An azure jelly (Coc:1)
  4 balrugs (Pan)
  A spectral caustic shrike (Tar:6)
  2 demonspawn corrupters (Pan)
  5 reapers
  A quicksilver ooze (Slime:5)
  A demonspawn blood saint (Pan)
  3 elemental wellsprings
  A stone giant (Tomb:2)
  A halazid warlock (Hell)
  2 putrid mouths (Tar:6)
  4 wendigos
  2 blizzard demons (Pan)
  A green death (Hell)
  4 mummy priests
  A spectral quicksilver dragon (Tar:3)
  An ice dragon (Hell)
  A spriggan skeleton (Hell)
  2 dancing weapons (Pan)
  6 death scarabs
  9 sun demons
  6 soul eaters
  4 skeletal warriors
  A shadow wraith (Tar:7)
  2 sixfirhies (Pan)
  A quicksilver dragon simulacrum (Coc:4)
  A spectral hydra (Tar:2)
  3 spriggan simulacra
  3 shadow demons (Pan)
  A spectral centaur (Tar:2)
  9 smoke demons
  2 molten gargoyles (Hell)
  3 rust devils (Hell)
  An orange demon (Pan)
  2 freezing wraiths
  An ice devil (Hell)
  An anaconda simulacrum (Coc:4)
  6 guardian mummies
  2 spectral harpies
  2 tormentors
  3 large abominations (Pan)
  A harpy skeleton (Pan)
  An iron dragon simulacrum (Coc:2)
  A slime creature (Slime:5)
  A stone giant simulacrum (Coc:1)
  2 centaur simulacra
  4 ushabtiu
  4 ynoxinuls (Pan)
  3 chaos spawn (Pan)
  A harpy simulacrum (Coc:7)
  2 hell hounds (Hell)
  An ettin simulacrum (Coc:7)
  3 hell rats (Hell)
  10 mummies
180 creatures vanquished.

Vanquished Creatures (others)
  A pandemonium lord (Pan)
  An Ice Fiend (Coc:5)
  A titan (Coc:7)
  A deep elf master archer (Crypt:3)
  2 eldritch tentacles (Tomb:3)
  A fire giant (Crypt:3)
  A frost giant (Coc:4)
  A balrug (Pan)
  A shard shrike simulacrum (Coc:7)
  An ironbound preserver (Vaults:5)
  An elemental wellspring (Coc:3)
  A mummy priest (Tomb:3)
  2 juggernaut simulacra (Coc:7)
  A vault guard (Vaults:5)
  A caustic shrike simulacrum (Coc:4)
  A fire crab (D:15)
  A quicksilver dragon simulacrum (Coc:7)
  A spriggan simulacrum (Coc:3)
  A necromancer (Depths:3)
  A slime creature (Slime:2)
  An iron giant simulacrum (Coc:7)
  An anaconda simulacrum (Coc:7)
  A dire elephant simulacrum (Coc:7)
  A ynoxinul (Pan)
  A neqoxec (Pan)
  A harpy simulacrum (Coc:7)
  An orc priest (Orc:1)
  An orc wizard (D:6)
  6 ball lightnings (Pan)
  A briar patch (Swamp:2)
  3 demonic plants (Pan)
  32 foxfires
  24 fungi
  86 plants
182 creatures vanquished.

Grand Total: 3971 creatures vanquished

Notes
Turn   | Place    | Note
-------+----------+-------------------------------------------
     0 | D:1      | bobo the Hill Orc Reaver began the quest for the Orb.
     0 | D:1      | Reached XP level 1. HP: 18/18 MP: 3/3
   126 | D:1      | Reached XP level 2. HP: 20/24 MP: 4/4
   129 | D:1      | Learned a level 2 spell: Momentum Strike
   605 | D:2      | Reached skill level 1 in Necromancy
   654 | D:2      | Reached skill level 3 in Fighting
   654 | D:2      | Reached XP level 3. HP: 25/28 MP: 3/5
   816 | D:2      | Reached XP level 4. HP: 26/29 MP: 2/7
  1346 | D:3      | Reached skill level 1 in Translocations
  1459 | D:3      | Reached XP level 5. HP: 12/33 MP: 3/8
  2274 | D:4      | Noticed an ogre
  2413 | D:4      | Found Ajojic's Jewellery Shoppe.
  2416 | D:4      | Found Dogg's Assorted Antiques.
  2416 | D:4      | Found Yffen's Armour Boutique.
  2416 | D:4      | Found Yheomyr's General Store.
  2416 | D:4      | Found Owoex's Distillery.
  2428 | D:4      | Reached skill level 4 in Fighting
  2428 | D:4      | Reached XP level 6. HP: 39/46 MP: 5/9
  2792 | D:4      | Found a glowing drain.
  2811 | Sewer    | Entered a sewer
  2816 | Sewer    | Noticed Pargi
  2824 | Sewer    | Killed Pargi
  2956 | Sewer    | Reached skill level 1 in Armour
  3419 | D:4      | Noticed Ijyb
  3431 | D:4      | Killed Ijyb
  3635 | D:4      | Reached XP level 7. HP: 35/41 MP: 10/10
  3734 | D:4      | Reached skill level 5 in Long Blades
  3740 | D:4      | Bought the +0 cloak "Cemic" {Regen+} for 161 gold pieces
  3834 | D:5      | Entered Level 5 of the Dungeon
  3923 | D:5      | Reached skill level 5 in Fighting
  4022 | D:5      | Learned a level 3 spell: Hailstorm
  4066 | D:5      | Reached XP level 8. HP: 42/69 MP: 11/11
  4411 | D:5      | Reached skill level 6 in Fighting
  4434 | D:5      | Found a hazy altar of Hepliaklqana.
  4759 | D:6      | Found Atoptut's Magic Scroll Shoppe.
  4825 | D:6      | HP: 2/46 [orc warrior/+0 glaive (10)]
  4857 | D:6      | Reached XP level 9. HP: 52/61 MP: 12/12
  4884 | D:6      | Reached skill level 7 in Fighting
  4895 | D:6      | Reached skill level 5 in Armour
  4940 | D:6      | Bought a scroll of enchant armour for 75 gold pieces
  4940 | D:6      | Identified a scroll of acquirement
  4948 | D:6      | Acquired a +3 demon blade of venom
  5069 | D:6      | Reached skill level 1 in Ice Magic
  5360 | D:6      | Found a glowing golden altar of the Shining One.
  5704 | D:7      | Found a stormy altar of Qazlal.
  5821 | D:7      | Found Taitutoq's Assorted Antiques.
  5986 | D:7      | Reached skill level 8 in Fighting
  6089 | D:7      | Reached skill level 5 in Dodging
  6357 | D:7      | Found a staircase to the Ecumenical Temple.
  6579 | D:7      | Found a bloodstained altar of Trog.
  6668 | Temple   | Entered the Ecumenical Temple
  6714 | Temple   | Became a worshipper of Warmaster Okawaru
  6952 | D:8      | Reached skill level 1 in Invocations
  6952 | D:8      | Reached XP level 10. HP: 85/90 MP: 13/13
  6996 | D:8      | Found a shadowy altar of Dithmenos.
  7020 | D:8      | Found a large runed translucent door.
  7028 | D:8      | Found a large runed translucent door.
  7031 | D:8      | Noticed cheesebisquit's ghost (novice TrFi)
  7054 | D:8      | Found a sacrificial altar of Ru.
  7171 | D:8      | Noticed a deep elf pyromancer
  7172 | D:8      | Noticed a white ugly thing
  7175 | D:8      | Noticed a cyclops
  7178 | D:8      | Noticed a red ugly thing
  7192 | D:8      | Reached skill level 1 in Shields
  7350 | D:8      | Found an ornate altar of the Wu Jian Council.
  7444 | D:8      | You fall into a shaft and drop 1 floor!
  7767 | D:9      | Noticed a two-headed ogre
  7857 | D:9      | Reached * piety under Okawaru
  7918 | D:9      | Found Cuapieny's Magic Scroll Boutique.
  7944 | D:9      | Reached skill level 9 in Fighting
  8239 | D:9      | Killed a two-headed ogre
  8239 | D:9      | Reached ** piety under Okawaru
  8459 | D:9      | Reached skill level 5 in Invocations
  8716 | D:10     | Entered Level 10 of the Dungeon
  8795 | D:10     | Found Lecs's Magic Scroll Shop.
  8943 | D:10     | Noticed a two-headed ogre
  8951 | D:10     | Killed an unseen horror
  8952 | D:10     | Reached skill level 10 in Fighting
  8952 | D:10     | Reached XP level 11. HP: 92/99 MP: 15/15
  8963 | D:10     | Reached *** piety under Okawaru
  8964 | D:10     | Reached skill level 5 in Shields
  8966 | D:10     | Killed a two-headed ogre
  9314 | D:11     | Reached **** piety under Okawaru
  9315 | D:11     | Reached skill level 10 in Long Blades
  9412 | D:11     | Noticed a two-headed ogre
  9413 | D:11     | Found a staircase to the Lair.
  9425 | D:11     | Killed a two-headed ogre
  9655 | D:11     | Reached skill level 11 in Fighting
  9661 | D:11     | Reached ***** piety under Okawaru
  9833 | D:11     | Noticed a cyclops
  9841 | D:11     | Killed a cyclops
  9841 | D:11     | Identified the +11 crystal plate armour "Uleonurghad"
                  | {Rampage rN+} (Okawaru gifted it to you on level 11 of the
                  | Dungeon)
  9841 | D:11     | Received a gift from Okawaru
 10044 | Lair:1   | Entered Level 1 of the Lair of Beasts
 10115 | Lair:1   | HP: 5/102 [rime drake/icy flash freeze (21)]
 10419 | Lair:1   | Noticed a death yak
 10433 | Lair:1   | Killed a death yak
 10434 | Lair:1   | Reached XP level 12. HP: 107/110 MP: 18/18
 10457 | Lair:1   | Found a runed translucent door.
 10466 | Lair:1   | Noticed Rupert
 11038 | Lair:2   | Noticed a boulder beetle
 11085 | Lair:2   | Killed a boulder beetle
 11086 | Lair:2   | Reached skill level 12 in Fighting
 11508 | Lair:2   | Found a hole to the Spider Nest.
 11524 | Lair:2   | Reached skill level 10 in Invocations
 12094 | Lair:3   | Reached XP level 13. HP: 119/119 MP: 20/20
 12132 | Lair:3   | Found a staircase to the Swamp.
 12880 | Lair:4   | Identified the +2 robe of Xusox {Dex+3} (Okawaru gifted it
                  | to you on level 4 of the Lair of Beasts)
 12880 | Lair:4   | Received a gift from Okawaru
 12948 | Lair:4   | Found a staircase to the Slime Pits.
 13003 | Lair:4   | Learned a level 2 spell: Blink
 13058 | Lair:4   | Reached skill level 13 in Fighting
 13789 | Lair:5   | Entered Level 5 of the Lair of Beasts
 13939 | Lair:5   | Found a gate leading to a gauntlet.
 13952 | Gauntlet | Entered a Gauntlet
 13952 | Gauntlet | Found a transporter.
 13952 | Gauntlet | Found a transporter.
 13952 | Gauntlet | Found a transporter.
 13972 | Gauntlet | Found a transporter.
 13974 | Gauntlet | Found a transporter.
 13986 | Gauntlet | Found a transporter.
 14047 | Gauntlet | Found a transporter.
 14057 | Gauntlet | Found a transporter.
 14072 | Gauntlet | Found a transporter.
 14074 | Gauntlet | Found a large runed translucent door.
 14075 | Gauntlet | Found a large runed translucent door.
 14076 | Gauntlet | Found a large runed translucent door.
 14076 | Gauntlet | Found a large runed translucent door.
 14076 | Gauntlet | Found a runed translucent door.
 14076 | Gauntlet | Found a runed translucent door.
 14077 | Gauntlet | Found a large runed translucent door.
 14078 | Gauntlet | Found a large runed translucent door.
 14079 | Gauntlet | Found a large runed translucent door.
 14079 | Gauntlet | Found a large runed translucent door.
 14080 | Gauntlet | Found a runed translucent gate.
 14080 | Gauntlet | Found a runed translucent gate.
 14080 | Gauntlet | Found a runed translucent gate.
 14082 | Gauntlet | Found a transporter.
 14091 | Gauntlet | Found a large runed translucent door.
 14091 | Gauntlet | Found a large runed translucent door.
 14092 | Gauntlet | Found a large runed translucent door.
 14093 | Gauntlet | Found a large runed translucent door.
 14097 | Gauntlet | Found a transporter.
 14103 | Gauntlet | Found a transporter.
 14135 | Gauntlet | Found a large runed translucent door.
 14136 | Gauntlet | Found a large runed translucent door.
 14137 | Gauntlet | Found a large runed translucent door.
 14137 | Gauntlet | Found a large runed translucent door.
 14294 | Gauntlet | Got the Guidebook on Fateful Grit
 14339 | Gauntlet | Noticed a minotaur
 14362 | Gauntlet | Killed a minotaur
 14363 | Gauntlet | Reached skill level 10 in Shields
 14367 | Gauntlet | Identified the staff of conjuration "Qaytsist" {rCorr}
 14367 | Gauntlet | Identified the +8 plate armour of Vanity {Dex+3}
 15009 | D:12     | Reached XP level 14. HP: 119/130 MP: 23/23
 15354 | D:4      | Bought an amulet of reflection for 390 gold pieces
 15847 | D:12     | Found a staircase to the Orcish Mines.
 16107 | D:12     | Noticed Sonja
 16124 | D:12     | Killed Sonja
 16158 | D:12     | Noticed Nergalle
 16169 | D:12     | Killed Nergalle
 16397 | D:13     | Reached skill level 14 in Fighting
 16655 | D:13     | Gained mutation: You have sharp fingernails. [potion of
                  | mutation]
 16655 | D:13     | Gained mutation: You have an increased reservoir of magic.
                  | (+10% MP) [potion of mutation]
 16655 | D:13     | Lost mutation: You have an increased reservoir of magic.
                  | (+10% MP) [potion of mutation]
 16929 | D:13     | Found a gate to the Vaults.
 16939 | D:13     | Reached skill level 10 in Armour
 17170 | D:13     | Found Imigg's Antique Armour Emporium.
 17282 | D:13     | Received a gift from Okawaru
 17708 | D:14     | Found the +3 warlock's mirror {omnireflect}
 18538 | D:15     | Entered Level 15 of the Dungeon
 18592 | D:15     | Found a runed translucent door.
 18897 | D:15     | Reached XP level 15. HP: 95/139 MP: 20/25
 18958 | D:15     | Found a staircase to the Depths.
 18981 | D:15     | Found a runed translucent gate.
 18981 | D:15     | Found a runed translucent gate.
 18981 | D:15     | Found a runed translucent gate.
 19091 | D:15     | Identified the +4 war axe of Desperation {protect, rF+
                  | Int+2}
 19173 | D:15     | Noticed Siaveam's ghost (adept DrFE)
 19791 | Lair:5   | Reached skill level 15 in Fighting
 19832 | Lair:5   | Identified the +4 buckler of Wikho {rF- Dex+6} (Okawaru
                  | gifted it to you on level 5 of the Lair of Beasts)
 19832 | Lair:5   | Received a gift from Okawaru
 20508 | Lair:5   | Got Ycsenir's Commentary on the Spellbinding Door
 20641 | Swamp:1  | Entered Level 1 of the Swamp
 20925 | D:15     | Lost mutation: You have sharp fingernails. [potion of
                  | mutation]
 20925 | D:15     | Gained mutation: You are vulnerable to heat. (rF-) [potion
                  | of mutation]
 20926 | D:15     | Lost mutation: You are vulnerable to heat. (rF-) [potion of
                  | mutation]
 20926 | D:15     | Gained mutation: You are weak. (Str -2) [potion of
                  | mutation]
 20926 | D:15     | Gained mutation: Your system is resistant to poisons.
                  | (rPois) [potion of mutation]
 20926 | D:15     | Gained mutation: You passively dampen the noise of your
                  | surroundings. [potion of mutation]
 20926 | D:15     | Gained mutation: You possess an exceptional clarity of
                  | mind. [potion of mutation]
 21000 | Orc:1    | Entered Level 1 of the Orcish Mines
 21000 | Orc:1    | Found Utofupp's Distillery.
 21000 | Orc:1    | Found Jeegysch's General Store.
 21033 | Orc:1    | Found Mihoix's Jewellery Shop.
 21140 | Orc:1    | Found Nemuro's Jewellery Shoppe.
 21348 | Orc:2    | Entered Level 2 of the Orcish Mines
 21363 | Orc:1    | Found Keheir's Assorted Antiques.
 21756 | Orc:2    | Found Pejoamno's Distillery.
 21834 | Arena    | Entered the Arena
 22027 | Orc:2    | Found a staircase to the Elven Halls.
 22100 | Arena    | Entered the Arena
 22136 | Orc:2    | Found Ofulurph's Book Boutique.
 22136 | Orc:2    | Found Cuar Jem's Magic Scroll Emporium.
 22147 | Orc:2    | Found Duzxar's Jewellery Emporium.
 22147 | Orc:2    | Found Vaxeo's Magic Scroll Boutique.
 22624 | Swamp:1  | Identified the +4 ring mail of Conscience {rN+ Will- SInv}
 22637 | Swamp:1  | Found a glowing silver altar of Zin.
 22683 | Swamp:1  | Noticed a fenstrider witch
 22696 | Swamp:1  | Killed a fenstrider witch
 23012 | Swamp:1  | Reached XP level 16. HP: 151/151 MP: 27/27
 23167 | Swamp:1  | Found a large runed translucent door.
 23167 | Swamp:1  | Found a large runed translucent door.
 23168 | Swamp:1  | Found the +7 great mace "Undeadhunter" {deathbane, rN+}
 23171 | Swamp:1  | Noticed FexLirch's ghost (journeyman AtFi)
 23301 | Swamp:1  | Killed FexLirch's ghost
 23302 | Swamp:1  | Reached skill level 15 in Invocations
 23305 | Swamp:1  | Got the Directory of the Combined Spider
 23352 | Swamp:2  | Identified the +0 robe "Okyolil" {Str+4}
 23416 | Swamp:2  | Reached skill level 16 in Fighting
 23437 | Swamp:2  | Noticed a thorn hunter
 23448 | Swamp:2  | Killed a thorn hunter
 23767 | Swamp:2  | Received a gift from Okawaru
 23778 | Swamp:2  | Noticed a tentacled monstrosity
 23800 | Swamp:2  | Killed a tentacled monstrosity
 23937 | Swamp:2  | Reached skill level 1 in Throwing
 24520 | Swamp:3  | Learned a level 2 spell: Wereblood
 24524 | Swamp:3  | Learned a level 3 spell: Swiftness
 25174 | Swamp:3  | Noticed a tentacled monstrosity
 25202 | Swamp:3  | Killed a tentacled monstrosity
 25202 | Swamp:3  | Received a gift from Okawaru
 25262 | Swamp:4  | Entered Level 4 of the Swamp
 25422 | Swamp:4  | Reached skill level 17 in Fighting
 25599 | Swamp:4  | Identified the scarf "Wesyg" {rC+ rF+, Drain Dex+4 Slay+6
                  | SInv} (Okawaru gifted it to you on level 4 of the Swamp)
 25599 | Swamp:4  | Received a gift from Okawaru
 25603 | Swamp:4  | HP: 1/155 [bog body/bolt of cold (25)]
 25795 | Arena    | Entered the Arena
 25909 | Swamp:4  | Reached XP level 17. HP: 71/161 MP: 28/28
 26154 | Swamp:4  | Noticed the 27-headed Lernaean hydra
 26165 | Swamp:4  | Killed the 21-headed Lernaean hydra
 26182 | Swamp:4  | Got a decaying rune of Zot
 26371 | Spider:1 | Entered Level 1 of the Spider Nest
 26511 | Spider:1 | Noticed Aizul
 26534 | Spider:1 | Killed Aizul
 27399 | Spider:1 | Identified the +1 robe of Vogaum {+Blink rN+}
 27443 | Spider:1 | Reached skill level 18 in Fighting
 27566 | Spider:1 | Identified the ring "Dutemocw" {Wiz Stlth+}
 27661 | Spider:2 | Upgraded the game from 0.30-a0-920-g7493c07aab to
                  | 0.30-a0-924-g0ad0bf95bc
 27925 | Spider:2 | Found a transporter.
 27929 | Spider:2 | Noticed Kilowitz's ghost (journeyman MiFi)
 27949 | Spider:2 | Received a gift from Okawaru
 27951 | Spider:2 | Found a transporter.
 28145 | Spider:3 | Noticed Arachne
 28174 | Spider:3 | Killed Arachne
 28175 | Spider:3 | Reached skill level 10 in Dodging
 28688 | Spider:3 | Reached skill level 1 in Transmutations
 28898 | Spider:3 | Received a gift from Okawaru
 29090 | Spider:4 | Entered Level 4 of the Spider Nest
 29090 | Spider:4 | Found a frozen archway.
 29096 | IceCv    | Entered an ice cave
 29445 | IceCv    | Reached XP level 18. HP: 147/173 MP: 23/29
 29488 | IceCv    | Noticed a golden dragon
 29503 | IceCv    | Killed a golden dragon
 29576 | IceCv    | Identified the ring "Dockix" {Fly Dex+4}
 29742 | Spider:4 | Reached skill level 15 in Armour
 29953 | Spider:4 | Received a gift from Okawaru
 30274 | Spider:4 | Noticed Donald
 30284 | Spider:4 | Killed Donald
 30904 | Spider:4 | Reached skill level 15 in Long Blades
 31177 | Spider:4 | Identified the ring "Gut Ker" {rPois Stlth+}
 31200 | Spider:4 | Got a gossamer rune of Zot
 31512 | Lair:1   | Killed Rupert
 31634 | D:8      | Reached skill level 19 in Fighting
 31818 | D:15     | Identified the +0 pair of gloves of Nemacwa {rC+ rCorr
                  | Str-5 Slay+2} (Okawaru gifted it to you on level 15 of the
                  | Dungeon)
 31818 | D:15     | Received a gift from Okawaru
 31847 | D:15     | Killed Siaveam's ghost
 31880 | D:15     | Got the ring "Nunti" {Fire rElec rPois Int+3}
 32112 | D:15     | Reached skill level 5 in Spellcasting
 32115 | D:15     | Got the Papyrus of Ethics
 32118 | D:15     | Identified the staff of conjuration "Orienaeh" {*Corrode
                  | Fly Dex+4 SInv}
 32121 | D:15     | Identified the +1 robe "Sugext" {rC+ Str+2}
 32445 | D:4      | Bought the +14 pearl dragon scales of the Solstice {Contam
                  | rN+ Dex+6} for 2107 gold pieces
 32687 | Depths:1 | Entered Level 1 of the Depths
 32746 | Depths:1 | Found a one-way gate leading to the halls of Pandemonium.
 32765 | Depths:1 | Found Morhomno's Book Emporium.
 32817 | Depths:1 | Reached XP level 19. HP: 172/183 MP: 0/30
 32981 | Depths:1 | Found Moqich's Weapon Shoppe.
 33245 | Depths:1 | Identified the +2 war axe of Ahaishrur {spect, Will+ Int+2
                  | Dex+2}
 33308 | Depths:1 | Found Covaysm's Jewellery Emporium.
 33313 | Depths:1 | Bought the ring of the Good {Wiz Str+2 Dex+2} for 771 gold
                  | pieces
 33462 | Depths:1 | Found Tycifaon's Magic Scroll Emporium.
 33989 | Depths:1 | Found a gateway to Hell.
 34155 | Depths:2 | Noticed a tentacled monstrosity
 34155 | Depths:2 | Found a transporter.
 34155 | Depths:2 | Found a transporter.
 34184 | Depths:2 | Noticed a tentacled monstrosity
 34237 | Depths:2 | Found a one-way gateway to a ziggurat.
 34362 | Depths:2 | Learned a level 5 spell: Silence
 34367 | Depths:2 | Learned a level 4 spell: Passage of Golubria
 34368 | Depths:2 | You are sucked into a shaft and drop 2 floors!
 34368 | Depths:4 | Entered Level 4 of the Depths
 34494 | Depths:4 | Reached skill level 1 in Air Magic
 34748 | Depths:2 | Found Big Baal Hell's Store.
 35050 | Depths:2 | Reached skill level 20 in Fighting
 35052 | Depths:2 | Received a gift from Okawaru
 35196 | Depths:2 | Received a gift from Okawaru
 35202 | Depths:2 | Noticed Mara
 35207 | Depths:2 | Noticed bobo's illusion
 35248 | Depths:2 | Killed Mara
 35912 | Depths:2 | Received a gift from Okawaru
 36127 | Depths:3 | Reached XP level 20. HP: 193/193 MP: 14/31
 36286 | Depths:3 | Found a one-way gate to the infinite horrors of the Abyss.
 36286 | Depths:3 | Noticed Louise
 36299 | Depths:3 | Killed Louise
 36354 | Depths:3 | Identified the +0 pair of gloves of Zosk {Dex+3} (Okawaru
                  | gifted it to you on level 3 of the Depths)
 36354 | Depths:3 | Received a gift from Okawaru
 36540 | Depths:3 | Found a glowing golden altar of the Shining One.
 36634 | Depths:3 | Reached skill level 1 in Hexes
 36829 | Depths:3 | Paralysed by a floating eye for 4 turns
 36851 | Depths:3 | Paralysed by a floating eye for 3 turns
 36864 | Depths:3 | Paralysed by a floating eye for 2 turns
 36870 | Depths:3 | Paralysed by a floating eye for 2 turns
 38063 | Depths:4 | Found a gate to the Realm of Zot.
 38064 | Depths:4 | Noticed a bone dragon
 38064 | Depths:4 | Noticed a bone dragon
 38098 | Depths:4 | Killed a bone dragon
 38108 | Depths:4 | Killed a bone dragon
 38137 | Depths:4 | Received a gift from Okawaru
 38361 | Depths:4 | Received a gift from Okawaru
 38453 | Depths:4 | Identified the ring "Compidur" {Ice MP+9 Str-2 Int+3}
 38453 | Depths:4 | Noticed Josephina
 38708 | Elf:1    | Entered Level 1 of the Elven Halls
 38863 | Elf:1    | Found Apugu's Armour Shop.
 39385 | Elf:1    | Got Khufu's Incunabulum of Darkness
 39775 | Elf:1    | Identified the +7 rapier of Joablot {heavy, *Corrode rC+
                  | rN+}
 39838 | Elf:1    | Paralysed by an air elemental for 1 turns
 39843 | Elf:1    | Paralysed by an air elemental for 1 turns
 40285 | Elf:2    | Found Dathrime's Antique Armour Shop.
 40586 | Elf:2    | Reached XP level 21. HP: 203/203 MP: 30/32
 40601 | Elf:2    | Found a huge runed translucent gate.
 40601 | Elf:2    | Found a huge runed translucent gate.
 40602 | Elf:2    | Found a huge runed translucent gate.
 40603 | Elf:2    | Found a huge runed translucent gate.
 40604 | Elf:2    | Received a gift from Okawaru
 40611 | Elf:2    | Found a huge runed translucent gate.
 40723 | Elf:2    | Reached skill level 5 in Air Magic
 41271 | Elf:2    | Reached skill level 21 in Fighting
 41271 | Elf:2    | Reached skill level 5 in Hexes
 41558 | Elf:2    | Noticed Jorgrun
 41584 | Elf:2    | Received a gift from Okawaru
 41593 | Elf:2    | Killed Jorgrun
 41892 | Elf:3    | Entered Level 3 of the Elven Halls
 41918 | Elf:3    | Noticed Zenata
 41940 | Abyss:2  | Cast into level 2 of the Abyss (+1 battleaxe of distortion)
 41943 | Abyss:2  | Found a corrupted altar of Lugonu.
 42245 | Abyss:3  | Noticed a profane servitor
 42331 | Abyss:3  | Paralysed by accursed screaming for 1 turns
 42347 | Abyss:3  | Paralysed by accursed screaming for 1 turns
 42382 | Abyss:3  | Got an abyssal rune of Zot
 42422 | Elf:3    | Escaped the Abyss
 42438 | Elf:3    | Killed Zenata
 42592 | Elf:3    | Found Irphomem's Distillery.
 42834 | Elf:3    | Received a gift from Okawaru
 43633 | Elf:3    | Received a gift from Okawaru
 43808 | Elf:3    | Found the +0 mask of the Dragon {Will+ Slay+3 SInv}
 43852 | Elf:3    | Got the Dissertation on Modification
 43854 | Elf:3    | Identified the +9 morningstar "Wotick" {heavy, rElec rN+
                  | Int+5}
 43857 | Elf:3    | Identified the +3 cloak "Woic" {rCorr Dex+3}
 43911 | Elf:3    | Identified the staff of earth "Tepiupuu" {rPois}
 43926 | Elf:3    | Identified the ring "Kaem" {rC+ Will+ Str+2 Dex+3}
 43973 | Elf:3    | Got Zaesuen's Catalogue of the Traveller
 43978 | Elf:3    | Identified the staff of earth "Issyklat" {rN++ Will+ Str-4
                  | Stlth+}
 43985 | Elf:3    | Learned a level 4 spell: Manifold Assault
 43985 | Elf:3    | Identified the staff of air "Erobilof" {rElec rF++ Str+2
                  | Int+4}
 43990 | Elf:3    | Identified the +7 hand axe "Ineepo" {elec, rF+ SInv}
 43998 | Elf:3    | Identified the staff of air "Bebaowusa" {rElec rF+ Will+
                  | Str+5}
 44071 | Elf:3    | Reached skill level 15 in Shields
 44077 | Elf:3    | Reached XP level 22. HP: 214/214 MP: 12/34
 45062 | Depths:2 | Received a gift from Okawaru
 45228 | Depths:4 | Killed Josephina
 45229 | Depths:4 | Reached skill level 5 in Translocations
 45686 | Zot:1    | Entered Level 1 of the Realm of Zot
 45839 | Vaults:1 | Entered Level 1 of the Vaults
 45857 | Vaults:1 | Reached skill level 22 in Fighting
 46474 | Vaults:1 | Found a runed translucent gate.
 46474 | Vaults:1 | Found a runed translucent gate.
 46474 | Vaults:1 | Found a runed translucent gate.
 46474 | Vaults:1 | Found an ancient bone altar of Kikubaaqudgha.
 46474 | Vaults:1 | Noticed Leriaza's ghost (veteran DsVM)
 46474 | Vaults:1 | Noticed Pixtaico's ghost (adept FeNe)
 46474 | Vaults:1 | Noticed an ancient lich
 46753 | Vaults:1 | Received a gift from Okawaru
 47087 | Arena    | Entered the Arena
 47093 | Arena    | Killed an ancient lich
 47507 | Vaults:1 | Received a gift from Okawaru
 48059 | Vaults:1 | Killed Leriaza's ghost
 48064 | Vaults:1 | Killed Pixtaico's ghost
 48070 | Vaults:1 | Got Kikubaaqudgha's Book of Lamentation
 48074 | Vaults:1 | Identified the +0 helmet of the Pits of Slime {rF+}
 48079 | Vaults:1 | Identified the ring of Diselac {rPois rC+ Int+3 Dex+3}
 48535 | Vaults:2 | Reached skill level 10 in Spellcasting
 48702 | Vaults:2 | Learned a level 5 spell: Yara's Violent Unravelling
 49174 | Vaults:2 | Identified the +4 tower shield of Articulation {Int+3}
                  | (Okawaru gifted it to you on level 2 of the Vaults)
 49174 | Vaults:2 | Received a gift from Okawaru
 49632 | Vaults:2 | Reached XP level 23. HP: 225/225 MP: 31/37
 50350 | Vaults:3 | Found a crumbling gateway.
 50390 | Desolati | Entered the Desolation of Salt
 50642 | Desolati | Found the +16 obsidian axe {drain, demonic, Mesm Drain Fly
                  | SInv}
 50718 | Desolati | Reached skill level 23 in Fighting
 50830 | Desolati | Received a gift from Okawaru
 50872 | Desolati | Identified the +0 long sword "Moask" {protect, Str+4 Int+2}
 50881 | Desolati | Identified the staff of air "Runenaj" {rElec Will+ Str+5}
 50909 | Desolati | Identified the amulet of Farhyhoh {Will+ Regen+ Dex+4}
 51165 | Desolati | Identified the +3 falchion of Extermination {heavy, rPois
                  | Will+ Str-4 Dex+3}
 51316 | Desolati | Identified the ring of Onwoy {rN+++ rCorr MP+9 AC+4 Int-3}
 51482 | Desolati | Identified the +1 plate armour of the Gloaming {*Corrode
                  | Drain rF+++}
 51586 | Desolati | Got the Spellbook of Congelation
 51646 | Desolati | Got the Dissertation on Reformed Burning
 51783 | Desolati | Identified the +3 dagger of the Thoughtful Ghosts
                  | {antimagic, rElec Dex+6}
 52324 | Vaults:3 | Found a staircase to the Crypt.
 52339 | Crypt:1  | Entered Level 1 of the Crypt
 52371 | Crypt:1  | Noticed Margery
 52396 | Crypt:1  | Killed Margery
 52440 | Crypt:1  | Found a basalt altar of Yredelemnul.
 52598 | Crypt:1  | Noticed Xtahua
 52644 | Vaults:3 | Killed Xtahua
 52722 | Crypt:1  | Identified the ring "Ufizikk" {EV+5 Str+8}
 53708 | Crypt:1  | You fall into a shaft and drop 1 floor!
 53718 | Crypt:2  | Reached XP level 24. HP: 213/236 MP: 5/38
 53859 | Crypt:2  | Found a magical portal.
 53864 | WizLab   | Entered Cigotuvi's Fleshworks
 54154 | WizLab   | Reached ****** piety under Okawaru
 54167 | WizLab   | Paralysed by a floating eye for 4 turns
 54199 | WizLab   | Identified the ring "Ejijaplie" {rN+ Str+6 Int+5 Dex-2}
 54221 | WizLab   | Paralysed by a floating eye for 2 turns
 54695 | Crypt:2  | Received a gift from Okawaru
 55797 | Vaults:3 | Reached skill level 24 in Fighting
 56059 | Vaults:3 | Received a gift from Okawaru
 56339 | Vaults:3 | Reached skill level 5 in Transmutations
 56780 | Vaults:3 | Identified the +7 chain mail "Ufiacw" {rElec rF++ Str-5
                  | Int+3} (Okawaru gifted it to you on level 3 of the Vaults)
 56780 | Vaults:3 | Received a gift from Okawaru
 56784 | Vaults:3 | Found the +10 tower shield of Ignorance {rN+ Int-4}
 58178 | Vaults:4 | Reached skill level 10 in Hexes
 58252 | Vaults:4 | Reached XP level 25. HP: 213/246 MP: 12/39
 58789 | Vaults:4 | Noticed a dread lich
 58795 | Vaults:4 | Killed a dread lich
 58983 | Vaults:5 | Entered Level 5 of the Vaults
 59028 | Vaults:5 | Noticed an ancient lich
 59043 | Vaults:5 | Killed an ancient lich
 59098 | Vaults:5 | Received a gift from Okawaru
 59108 | Vaults:5 | Identified the ring of Qesoptol {rElec rC+++ Will+ Int-2
                  | Dex-3}
 59133 | Vaults:5 | Got a silver rune of Zot
 59135 | Vaults:5 | Got the Reference Book on the Plutonic Wayfarer
 59142 | Vaults:5 | Learned a level 3 spell: Vhi's Electric Charge
 59200 | Vaults:5 | Identified the staff of air "Libonn" {Fly rElec rCorr Str+2
                  | Stlth-}
 60058 | Vaults:5 | Identified the +1 cloak of the Butterfly {Contam rPois
                  | rCorr SInv}
 60163 | Vaults:5 | Noticed a dread lich
 60171 | Vaults:5 | Killed a dread lich
 60190 | Vaults:5 | Identified the +1 pair of gloves "Ymnuu" {Contam Dex+5}
                  | (Okawaru gifted it to you on level 5 of the Vaults)
 60190 | Vaults:5 | Received a gift from Okawaru
 60611 | Vaults:5 | Identified the +0 trident of Gallantry {freeze, rC+ Int+4
                  | Dex-3 Stlth+}
 60798 | Vaults:5 | Found the +3 crown of Dyrovepreva {rElec Int+2 SInv}
 60992 | Vaults:5 | Reached skill level 25 in Fighting
 60992 | Vaults:5 | Reached XP level 26. HP: 258/258 MP: 39/39
 61570 | Depths:4 | Upgraded the game from 0.30-a0-924-g0ad0bf95bc to
                  | 0.30-a0-930-gb9d0489357
 61572 | Zot:1    | You fall into a shaft and drop 1 floor!
 61588 | Zot:2    | Reached skill level 10 in Translocations
 61795 | Zot:2    | Learned a level 3 spell: Ignite Poison
 61830 | Zot:1    | Reached skill level 1 in Fire Magic
 61835 | Zot:1    | Found a transporter.
 61835 | Zot:1    | Found a transporter.
 61838 | Zot:1    | Found a transporter.
 61838 | Zot:1    | Found a transporter.
 61985 | Zot:1    | Reached skill level 1 in Poison Magic
 62683 | Zot:1    | Noticed an orb of fire
 62694 | Zot:1    | Gained mutation: Potions are less effective at restoring
                  | your health. [an orb of fire]
 62695 | Zot:1    | Killed an orb of fire
 62739 | Zot:2    | Received a gift from Okawaru
 63475 | D:15     | Learned a level 5 spell: Irradiate
 63480 | D:15     | Learned a level 4 spell: Leda's Liquefaction
 64063 | Zot:3    | Identified the +3 chain mail of Quantum Leap {rPois Regen+
                  | SInv}
 64073 | Zot:3    | Received a gift from Okawaru
 64610 | Zot:4    | Reached skill level 5 in Fire Magic
 65020 | Zot:5    | Entered Level 5 of the Realm of Zot
 65039 | Zot:5    | Reached XP level 27. HP: 268/268 MP: 31/39
 65914 | Crypt:3  | Entered Level 3 of the Crypt
 66280 | Depths:3 | Fell from the grace of Okawaru
 66280 | Depths:3 | Became a worshipper of the Shining One
 66644 | Crypt:3  | Reached skill level 5 in Throwing
 66647 | Crypt:3  | Reached * piety under the Shining One
 66684 | Crypt:3  | Reached ** piety under the Shining One
 67103 | Crypt:3  | Found a staircase to the Tomb.
 67110 | Crypt:3  | Reached *** piety under the Shining One
 67617 | Crypt:3  | Reached **** piety under the Shining One
 68094 | Crypt:3  | Reached ***** piety under the Shining One
 68213 | Crypt:3  | Found an ancient bone altar of Kikubaaqudgha.
 68217 | Crypt:3  | Found a basalt altar of Yredelemnul.
 68413 | Crypt:3  | Identified the +1 plate armour of the Sneaky Mouths {Str+2}
 68415 | Crypt:3  | Identified the ring "Yvve" {rF+ rN+}
 68415 | Crypt:3  | Identified the ring "Zooch" {rN+ Dex+2 Slay+2}
 68415 | Crypt:3  | Identified the ring "Kupnuxoe" {rN+ Str+2 Dex-3 Stlth+}
 68427 | Crypt:3  | Acquired 618 gold pieces
 68454 | Crypt:3  | Identified the +4 flail "Loipiab" {freeze, rC+ rN+}
 68458 | Crypt:3  | Identified the +0 mace of Perversion {holy, Will++}
 68460 | Crypt:3  | Identified the +3 dagger "Xiycarum" {flame, rElec rPois
                  | rF+}
 68526 | Tomb:1   | Entered Level 1 of the Tomb of the Ancients
 68609 | Tomb:1   | Reached skill level 5 in Conjurations
 68647 | Tomb:1   | Reached ****** piety under the Shining One
 68855 | Tomb:1   | Noticed a royal mummy
 68862 | Tomb:1   | Killed a royal mummy
 68959 | Tomb:1   | Noticed a royal mummy
 68967 | Tomb:1   | Killed a royal mummy
 69024 | Tomb:1   | Noticed a royal mummy
 69034 | Tomb:1   | Killed a royal mummy
 69073 | Tomb:1   | Found the ring of the Hare {EV+10}
 69129 | Tomb:2   | Noticed a royal mummy
 69132 | Tomb:2   | Noticed a royal mummy
 69132 | Tomb:2   | Noticed a royal mummy
 69132 | Tomb:2   | Noticed a royal mummy
 69145 | Tomb:2   | Killed a royal mummy
 69206 | Tomb:2   | Killed a royal mummy
 69243 | Tomb:2   | Killed a royal mummy
 69244 | Tomb:2   | Killed a royal mummy
 69632 | Tomb:1   | Noticed a royal mummy
 69634 | Tomb:1   | Noticed a royal mummy
 69640 | Tomb:1   | Killed a royal mummy
 69645 | Tomb:1   | Killed a royal mummy
 69670 | Tomb:1   | Noticed a royal mummy
 69675 | Tomb:1   | Killed a royal mummy
 69676 | Tomb:1   | Reached skill level 10 in Throwing
 69708 | Tomb:1   | Noticed a royal mummy
 69717 | Tomb:1   | Killed a royal mummy
 69769 | Tomb:1   | Noticed a royal mummy
 69770 | Tomb:1   | Noticed a royal mummy
 69772 | Tomb:1   | Noticed a royal mummy
 69780 | Tomb:1   | Killed a royal mummy
 69786 | Tomb:1   | Killed a royal mummy
 69790 | Tomb:1   | Killed a royal mummy
 69957 | Tomb:1   | Noticed a royal mummy
 69965 | Tomb:1   | Killed a royal mummy
 70011 | Tomb:1   | Noticed a royal mummy
 70020 | Tomb:1   | Killed a royal mummy
 70153 | Tomb:1   | Noticed a royal mummy
 70153 | Tomb:1   | Noticed a royal mummy
 70163 | Tomb:1   | Killed a royal mummy
 70166 | Tomb:1   | Killed a royal mummy
 70252 | Tomb:1   | Noticed a royal mummy
 70253 | Tomb:1   | Noticed a royal mummy
 70261 | Tomb:1   | Killed a royal mummy
 70267 | Tomb:1   | Killed a royal mummy
 70312 | Tomb:1   | Noticed a royal mummy
 70321 | Tomb:1   | Killed a royal mummy
 70459 | Tomb:1   | Noticed a royal mummy
 70464 | Tomb:1   | Killed a royal mummy
 70530 | Tomb:1   | Noticed a royal mummy
 70541 | Tomb:1   | Killed a royal mummy
 70712 | Tomb:3   | Entered Level 3 of the Tomb of the Ancients
 70717 | Tomb:3   | Noticed a royal mummy
 70731 | Tomb:3   | Found the +8 storm bow {elec, penet}
 70731 | Tomb:3   | Killed a royal mummy
 70733 | Tomb:3   | Lost mutation: You possess an exceptional clarity of mind.
                  | [mutagenic glow]
 70737 | Tomb:3   | Reached skill level 26 in Fighting
 70745 | Tomb:3   | Gained mutation: Your mind is acute. (Int +4, Str/Dex -1)
                  | [mutagenic glow]
 70773 | Tomb:3   | Gained mutation: You do not regenerate when monsters are
                  | visible. [mutagenic glow]
 70778 | Tomb:3   | Identified the +8 fire dragon scales of Altruism {rElec
                  | rF++ rC-}
 70787 | Tomb:3   | HP: 13/269 [??? (5)]
 70793 | Tomb:3   | Identified the staff of cold "Siveagh" {rF+ rC+ Int+2
                  | Dex+2}
 70797 | Tomb:3   | Identified the amulet of Loanimu {Faith rC+}
 70801 | Tomb:3   | Noticed a royal mummy
 70806 | Tomb:3   | Killed a royal mummy
 70825 | Tomb:3   | Noticed Mennas
 70829 | Tomb:3   | Killed Mennas
 70830 | Tomb:3   | Reached skill level 10 in Transmutations
 70830 | Tomb:3   | Noticed a royal mummy
 70836 | Tomb:3   | Killed a royal mummy
 70843 | Tomb:3   | Noticed a royal mummy
 70845 | Tomb:3   | Noticed a royal mummy
 70850 | Tomb:3   | Noticed a royal mummy
 70858 | Tomb:2   | HP: 8/269 [mummy priest/divine providence (14)]
 71113 | Tomb:2   | Lost mutation: You do not regenerate when monsters are
                  | visible. [potion of mutation]
 71113 | Tomb:2   | Lost mutation: Your system is resistant to poisons. (rPois)
                  | [potion of mutation]
 71113 | Tomb:2   | Gained mutation: You have sharp fingernails. [potion of
                  | mutation]
 71114 | Tomb:2   | Lost mutation: Potions are less effective at restoring your
                  | health. [potion of mutation]
 71114 | Tomb:2   | Lost mutation: You are weak. (Str -2) [potion of mutation]
 71114 | Tomb:2   | Gained mutation: You are vulnerable to heat. (rF-) [potion
                  | of mutation]
 71114 | Tomb:2   | Gained mutation: You are strong-willed. (Will+) [potion of
                  | mutation]
 71114 | Tomb:2   | Gained mutation: Armour fits poorly on your strangely
                  | shaped body. [potion of mutation]
 71115 | Tomb:2   | Lost mutation: Your mind is acute. (Int +4, Str/Dex -1)
                  | [potion of mutation]
 71115 | Tomb:2   | Lost mutation: You are strong-willed. (Will+) [potion of
                  | mutation]
 71115 | Tomb:2   | Lost mutation: Armour fits poorly on your strangely shaped
                  | body. [potion of mutation]
 71115 | Tomb:2   | Gained mutation: You have sharp toenails. [potion of
                  | mutation]
 71115 | Tomb:2   | Gained mutation: You are partially covered in iridescent
                  | scales. (AC +2) [potion of mutation]
 71116 | Tomb:2   | Lost mutation: You are partially covered in iridescent
                  | scales. (AC +2) [potion of mutation]
 71116 | Tomb:2   | Lost mutation: You passively dampen the noise of your
                  | surroundings. [potion of mutation]
 71116 | Tomb:2   | Gained mutation: You have a pair of small antennae on your
                  | head. [potion of mutation]
 71116 | Tomb:2   | Gained mutation: You are vulnerable to cold. (rC-) [potion
                  | of mutation]
 71116 | Tomb:2   | Gained mutation: Your spells are a little harder to cast,
                  | but a little more powerful. [potion of mutation]
 71117 | Tomb:2   | Lost mutation: You have sharp toenails. [potion of
                  | mutation]
 71117 | Tomb:2   | Lost mutation: Your spells are a little harder to cast, but
                  | a little more powerful. [potion of mutation]
 71117 | Tomb:2   | Lost mutation: You are vulnerable to cold. (rC-) [potion of
                  | mutation]
 71117 | Tomb:2   | Gained mutation: You occasionally lose the ability to drink
                  | potions when taking damage. [potion of mutation]
 71117 | Tomb:2   | Gained mutation: You have very sharp fingernails. [potion
                  | of mutation]
 71117 | Tomb:2   | Gained mutation: You possess an exceptional clarity of
                  | mind. [potion of mutation]
 71161 | Tomb:3   | Noticed a royal mummy
 71165 | Tomb:3   | Noticed a royal mummy
 71169 | Tomb:3   | Noticed a royal mummy
 71171 | Tomb:3   | Killed a royal mummy
 71174 | Tomb:3   | Killed a royal mummy
 71180 | Tomb:3   | Killed a royal mummy
 71778 | Depths:1 | Was forgiven by Okawaru
 71902 | Hell     | Entered the Vestibule of Hell
 71902 | Hell     | Noticed Geryon
 71912 | Hell     | Killed Geryon
 71970 | Hell     | Found a gateway to the decaying netherworld of Tartarus.
 72038 | Hell     | Found a gateway to the ashen valley of Gehenna.
 72221 | Hell     | Found a gateway to the Iron City of Dis.
 72268 | Hell     | Found a gateway to the freezing wastes of Cocytus.
 72526 | Tar:1    | Entered Level 1 of Tartarus
 72535 | Tar:1    | Reached skill level 10 in Conjurations
 72776 | Tar:2    | Noticed a dread lich
 72784 | Tar:2    | Killed a dread lich
 73468 | Tar:5    | Noticed an ancient lich
 73473 | Tar:5    | Killed an ancient lich
 73599 | Tar:5    | Reached skill level 27 in Fighting
 74224 | Tar:7    | Entered Level 7 of Tartarus
 74279 | Tar:7    | Noticed a dread lich
 74287 | Tar:7    | Killed a dread lich
 74305 | Tar:7    | Upgraded the game from 0.30-a0-930-gb9d0489357 to
                  | 0.30-a0-937-ga0a21ad780
 74429 | Tar:7    | Found the +8 mithril axe "Arga" {speed, Will+}
 74434 | Tar:7    | Identified the +8 rapier of Borgh {drain, rElec rC+ Str+3
                  | Dex-3}
 74435 | Tar:7    | Identified the +12 mace of the Mind {freeze, rF+}
 74461 | Tar:7    | Noticed an ancient lich
 74466 | Tar:7    | Killed an ancient lich
 74509 | Tar:7    | Identified the amulet of the Chupacabra {Spirit +Inv Str+9
                  | Stlth-}
 74905 | Tar:7    | Noticed an ancient lich
 74912 | Tar:7    | Killed an ancient lich
 74922 | Tar:7    | Noticed a dread lich
 74927 | Tar:7    | Killed a dread lich
 75011 | Tar:7    | Noticed Ereshkigal
 75284 | Tar:7    | Noticed the Serpent of Hell
 75293 | Tar:7    | Killed the Serpent of Hell
 75366 | Tar:7    | Killed Ereshkigal
 75533 | Tar:7    | Got a bone rune of Zot
 75581 | Tar:7    | Identified the +7 flail "Ledekk" {flame, *Slow rPois Dex+3}
 75652 | Tar:7    | Identified the +6 chain mail of Qyampism {rPois rF- Dex+2}
 76003 | Orc:2    | Bought a scroll of enchant weapon for 120 gold pieces
 76003 | Orc:2    | Bought a scroll of enchant armour for 120 gold pieces
 76003 | Orc:2    | Bought a scroll of enchant weapon for 120 gold pieces
 76053 | Orc:1    | Bought a potion of mutation for 200 gold pieces
 76053 | Orc:1    | Bought a scroll of enchant weapon for 187 gold pieces
 76115 | D:10     | Bought a scroll of poison for 40 gold pieces
 76115 | D:10     | Bought a scroll of enchant weapon for 75 gold pieces
 76115 | D:10     | Bought a scroll of teleportation for 30 gold pieces
 76195 | D:6      | Bought a scroll of magic mapping for 75 gold pieces
 76195 | D:6      | Bought a scroll of magic mapping for 75 gold pieces
 76195 | D:6      | Bought a scroll of enchant weapon for 75 gold pieces
 76195 | D:6      | Bought a scroll of teleportation for 30 gold pieces
 76273 | D:4      | Bought a scroll of blinking for 135 gold pieces
 76273 | D:4      | Bought a scroll of teleportation for 54 gold pieces
 76273 | D:4      | Bought a scroll of enchant weapon for 135 gold pieces
 76277 | D:4      | Bought a scroll of fog for 52 gold pieces
 76297 | D:4      | Bought 2 potions of mutation for 160 gold pieces
 76297 | D:4      | Bought 2 potions of might for 80 gold pieces
 76297 | D:4      | Bought a potion of mutation for 80 gold pieces
 76463 | D:9      | Bought a scroll of teleportation for 33 gold pieces
 76463 | D:9      | Bought a scroll of blinking for 82 gold pieces
 76463 | D:9      | Bought a scroll of fog for 44 gold pieces
 76575 | Orc:2    | Bought a scroll of enchant armour for 82 gold pieces
 76575 | Orc:2    | Bought a scroll of enchant armour for 82 gold pieces
 76575 | Orc:2    | Bought a scroll of magic mapping for 82 gold pieces
 76575 | Orc:2    | Bought a scroll of teleportation for 33 gold pieces
 76578 | Orc:2    | Bought a scroll of fog for 64 gold pieces
 76578 | Orc:2    | Bought a scroll of magic mapping for 120 gold pieces
 76757 | Depths:1 | Bought a scroll of teleportation for 69 gold pieces
 76757 | Depths:1 | Bought a scroll of teleportation for 69 gold pieces
 76757 | Depths:1 | Bought a scroll of teleportation for 69 gold pieces
 76757 | Depths:1 | Bought a scroll of teleportation for 69 gold pieces
 76757 | Depths:1 | Bought a scroll of fog for 92 gold pieces
 76886 | D:15     | Identified a +9 double sword of holy wrath (a +7 double
                  | sword of venom blessed by the Shining One)
 76886 | D:15     | Received a gift from the Shining One
 76966 | Coc:1    | Entered Level 1 of Cocytus
 76966 | Coc:1    | Noticed an ancient lich
 76969 | Coc:1    | Killed an ancient lich
 78024 | Coc:4    | Noticed an ancient lich
 78030 | Coc:4    | Killed an ancient lich
 78033 | Coc:4    | Noticed a dread lich
 78036 | Coc:4    | Noticed an ancient lich
 78037 | Coc:4    | Noticed a dread lich
 78039 | Coc:4    | Noticed an ancient lich
 78042 | Coc:4    | Killed a dread lich
 78044 | Coc:4    | Noticed an ancient lich
 78050 | Coc:4    | Killed a dread lich
 78055 | Coc:4    | Killed an ancient lich
 78059 | Coc:4    | Killed an ancient lich
 78063 | Coc:4    | Killed an ancient lich
 78075 | Coc:4    | Noticed an ancient lich
 78081 | Coc:4    | Killed an ancient lich
 78091 | Coc:4    | Noticed an ancient lich
 78093 | Coc:4    | Killed an ancient lich
 78939 | Coc:7    | Entered Level 7 of Cocytus
 79020 | Coc:7    | Paralysed by a wendigo for 1 turns
 79501 | Coc:7    | Noticed Antaeus
 79538 | Coc:7    | Killed Antaeus
 79666 | Coc:7    | Paralysed by a wendigo for 1 turns
 80239 | Coc:7    | Got an icy rune of Zot
 80722 | Slime:1  | Entered Level 1 of the Pits of Slime
 81004 | Slime:2  | Reached skill level 15 in Hexes
 81255 | Slime:1  | You fall into a shaft and drop 1 floor!
 81927 | Slime:5  | Entered Level 5 of the Pits of Slime
 81937 | Slime:5  | Gained mutation: You are dopey. (Int -2) [a shining eye]
 82102 | Slime:5  | Noticed the Royal Jelly
 82115 | Slime:5  | Killed the Royal Jelly
 82185 | Slime:5  | Found the +8 trishula "Condemnation" {holy, anguish, *Noise
                  | Fly rN+}
 82326 | Slime:5  | Identified the +1 dagger of Daphaf {freeze, rCorr}
 82337 | Slime:5  | Identified the +0 scale mail of Skepticism {Regen+ Str+3}
 82352 | Slime:5  | Got a slimy rune of Zot
 82364 | Slime:5  | Identified the +1 plate armour of Gubitidato {rC- rCorr
                  | Int+3}
 82388 | Slime:5  | Learned a level 2 spell: Passwall
 82393 | Slime:5  | Identified the +7 falchion "Jutrotzi" {heavy, Str+3}
 82408 | Slime:5  | Identified the +0 robe of Keehoasi {rCorr Dex+4}
 82411 | Slime:5  | Identified the ring of Xom's Amusement {rN+ rCorr Dex+4}
 82427 | Slime:5  | Identified the +0 fire dragon scales "Yhippi" {rElec rPois
                  | rF++ rC- Will- Str+3}
 82433 | Slime:5  | Identified the staff of death "Boewy" {rC- rN+ rCorr Int+2
                  | Dex+2}
 83091 | Spider:2 | Identified the ring "Fumev" {rElec rF- Str+6 Dex+9 SInv}
 83107 | Spider:2 | Killed Kilowitz's ghost
 83440 | Pan      | Entered Pandemonium
 83522 | Pan      | Upgraded the game from 0.30-a0-937-ga0a21ad780 to
                  | 0.30-a0-939-gc8157cb160
 83843 | Pan      | Noticed Kuexkode the pandemonium lord
 83849 | Pan      | Killed Kuexkode the pandemonium lord
 84002 | Pan      | Identified the +7 flail "Zyigae" {flame, Dex+3}
 84105 | Pan      | Found an exit through the horrors of the Abyss.
 84904 | Pan      | Reached skill level 10 in Air Magic
 85028 | Pan      | Reached skill level 15 in Spellcasting
 85247 | Pan      | Noticed Bajiutas the pandemonium lord
 85258 | Pan      | Killed Bajiutas the pandemonium lord
 85305 | Pan      | Got a demonic rune of Zot
 86222 | Pan      | Reached skill level 15 in Dodging
 86325 | Pan      | Gained mutation: Your magical capacity is low. (-10% MP) [a
                  | neqoxec]
 86325 | Pan      | Noticed Meff the pandemonium lord
 86332 | Pan      | Killed Meff the pandemonium lord
 86495 | Pan      | Identified the +5 long sword "Jelly's Death Toll" {freeze,
                  | Dex+6}
 87042 | Pan      | Found a runed translucent door.
 87088 | Pan      | Noticed Tiblus the pandemonium lord
 87097 | Pan      | Killed Tiblus the pandemonium lord
 87924 | Pan      | Found an exit through the horrors of the Abyss.
 88385 | Pan      | Gained mutation: You sometimes lose the ability to drink
                  | potions when taking damage. [a neqoxec]
 88388 | Pan      | Lost mutation: You possess an exceptional clarity of mind.
                  | [potion of mutation]
 88388 | Pan      | Lost mutation: You have a pair of small antennae on your
                  | head. [potion of mutation]
 88388 | Pan      | Gained mutation: Your spells are a little harder to cast,
                  | but a little more powerful. [potion of mutation]
 88388 | Pan      | Gained mutation: You possess an exceptional clarity of
                  | mind. [potion of mutation]
 88389 | Pan      | Lost mutation: You sometimes lose the ability to drink
                  | potions when taking damage. [potion of mutation]
 88389 | Pan      | Lost mutation: You have very sharp fingernails. [potion of
                  | mutation]
 88389 | Pan      | Gained mutation: You passively map a small area around you.
                  | [potion of mutation]
 88390 | Pan      | Lost mutation: You passively map a small area around you.
                  | [potion of mutation]
 88390 | Pan      | Lost mutation: Your magical capacity is low. (-10% MP)
                  | [potion of mutation]
 88390 | Pan      | Gained mutation: You occasionally lose the ability to read
                  | scrolls when taking damage. [potion of mutation]
 88391 | Pan      | Lost mutation: You occasionally lose the ability to drink
                  | potions when taking damage. [potion of mutation]
 88391 | Pan      | Lost mutation: You have sharp fingernails. [potion of
                  | mutation]
 88391 | Pan      | Gained mutation: You are robust. (+10% HP) [potion of
                  | mutation]
 88391 | Pan      | Gained mutation: You have a pair of small antennae on your
                  | head. [potion of mutation]
 88391 | Pan      | Gained mutation: You have a pair of antennae on your head.
                  | [potion of mutation]
 88392 | Pan      | Noticed Liofedy the pandemonium lord
 88399 | Pan      | Killed Liofedy the pandemonium lord
 89541 | Pan      | Found a huge runed translucent gate.
 89541 | Pan      | Found a huge runed translucent gate.
 89541 | Pan      | Found a huge runed translucent gate.
 89542 | Pan      | Found a huge runed translucent gate.
 89543 | Pan      | Found a huge runed translucent gate.
 89544 | Pan      | Found a huge runed translucent gate.
 89545 | Pan      | Found a huge runed translucent gate.
 89547 | Pan      | Noticed Plog the pandemonium lord
 89567 | Pan      | Reached skill level 15 in Translocations
 89574 | Pan      | Killed Plog the pandemonium lord
 90066 | Pan      | Noticed Iroxyosu the pandemonium lord
 90078 | Pan      | Killed Iroxyosu the pandemonium lord
 90426 | Pan      | Identified the ring of Erphom Huad {Wiz Int+2 Slay-2
                  | Stlth+}
 90464 | Pan      | Found an exit through the horrors of the Abyss.
 91481 | Pan      | Found a runed translucent door.
 91544 | Pan      | Noticed Edwuicuq the pandemonium lord
 91548 | Pan      | Killed Edwuicuq the pandemonium lord
 91656 | Pan      | Found an exit through the horrors of the Abyss.
 91749 | Pan      | Entered the realm of Gloorx Vloq.
 92333 | Pan      | Noticed Gloorx Vloq
 92351 | Pan      | Killed Gloorx Vloq
 92355 | Pan      | Upgraded the game from 0.30-a0-939-gc8157cb160 to
                  | 0.30-a0-949-g53dc5368d7
 92577 | Pan      | Got a dark rune of Zot
 92866 | Pan      | HP: 9/300 [smoke demon/divine providence (12)]
 92866 | Pan      | HP: 1/300 [smoke demon/divine providence (8)]
 92867 | Pan      | Killed from afar by a smoke demon

Illustrated notes

Levels and vault maps discovered:
D:1:      lordsloth_arrival_two_stooges, layout_basic
D:2:      layout_rooms
D:3:      layout_basic
D:4:      layout_loops_corners, cheibrodos_sewer_entry_bend,
          nicolae_wooded_promenade, eino_small_chamber_without_monster,
          uniq_ijyb
D:5:      layout_basic, nzn_hepliaklqana_mist_gate
D:6:      layout_loops_cross, mainiacjoe_overflow_boulevard, serial_shops,
          nicolae_shop_temple_entry_statues_fountains,
          nicolae_figureground_pulse
D:7:      layout_loops_corners, nicolae_qazlal_style_of_elements,
          lemuel_coloured_pillars_altar, minmay_temple_entry_junction,
          serial_shops, shop
D:8:      layout_loops_corners, old_standard_altar, nzn_wu_jian_council_hall,
          mainiacjoe_overflow_small_starburst, ebering_ghost_disaster_area,
          onia_ninara_dug_in_and_dangerous
D:9:      layout_cave_pools, serial_shops, kennysheep_mini_moat,
          hangedman_decor_riveting, minmay_orc_keep
D:10:     layout_rooms, serial_shops, nicolae_stop_n_shop_1
D:11:     layout_roguey, dpeg_oklobed_lair, hangedman_misty_isle
D:12:     layout_grid_maze, orc_0_dummy, uniq_nergalle, uniq_sonja
D:13:     layout_stronghold, grunt_vaults_entry_tiered, serial_shops,
          nicolae_shop_hallway_stairs, serial_column_ruins,
          column_ruins_circle_medium, column_ruins_square_huge,
          column_ruins_grid_3, column_ruins_open_medium,
          column_ruins_corridor_straight, column_ruins_columns_corner
D:14:     layout_long_grid, minmay_misc_feat_tower
D:15:     hangedman_depths_entry_try_elsewhere_first, layout_long_grid,
          gammafunk_ghost_icy, minmay_variable_closet, minmay_st_funbox,
          feat_on_display
Temple:   hellmonk_temple_of_storms
Lair:1:   layout_big_grid, pdpol_lair_cabin_in_the_woods,
          infiniplex_staircase_pool_2
Lair:2:   layout_big_grid, spider_nest_entry_funnel_web, nzn_random_ring
Lair:3:   layout_long_grid, skrybe_swamp_entry_bodies, bh_autumn_forest_stairs
Lair:4:   layout_loops_ring, slime_entry_1
Lair:5:   minmay_lair_end_frog_pond, layout_regular_city,
          gauntlet_entry_generic, uniq_rupert
Swamp:1:  layout_basic_swamp, ebering_ghost_disaster_area,
          evilmike_swamp_ruin_house_1, swamp_pool3, lemuel_altar_in_water,
          nicolae_swamp_little_swirl
Swamp:2:  layout_basic_swamp, hangedman_swamp_diagram,
          nicolae_swamp_little_tower
Swamp:3:  cheibrodos_swamp_monstrosity, layout_basic_swamp,
          hangedman_swamp_ruin_wall
Swamp:4:  swamp_basic_johnstein, layout_basic_swamp, swamp_pool3
Spider:1: layout_spider_delve, hellmonk_motheaten_closet, uniq_aizul
Spider:2: layout_spider_delve, gammafunk_ghost_berserking_beasts
Spider:3: layout_spider_delve, uniq_arachne
Spider:4: floodkiller_spider_rune_tomb, portal_ice_cave_entry_pillars_four,
          uniq_donald
Slime:1:  layout_caves
Slime:2:  layout_caves
Slime:3:  layout_caves
Slime:4:  layout_caves
Slime:5
Orc:1:    layout_caves, serial_shops, shop, shop, shop_statue,
          nicolae_shop_stone, shop
Orc:2:    grunt_orc_tribal_feast, layout_caves, serial_shops, shop_fountains
Elf:1:    eino_elf_arrival_shootout, layout_onion_city, serial_shops, shop,
          minmay_elf_necromancy, nicolae_elf_free_trip_to_the_abyss
Elf:2:    elven_hall_of_blades_hangedman_alternative
          [nicolae_blade_entry_crossed_weapons], layout_onion_city,
          serial_shops, nicolae_take_the_stairs, uniq_jorgrun
Elf:3:    minmay_elf_hall_hex, layout_geoelf_castle, serial_shops, shop,
          minivault_16, uniq_zenata
Vaults:1: gammafunk_ghost_crypt, nicolae_vaults_back_hallway, vaults_mumra_lcd,
          vaults_dpeg_ring, vaults_mumra_minichess, grunt_vaults_twisty,
          hangedman_vaults_snaps, hangedman_vaults_corner, vaults_dpeg_diagonal,
          nicolae_vaults_little_squares_3, layout_vaults_omnigrid
Vaults:2: v_misc_3, ontoclasm_vaults_chip, v_rooms_5, hangedman_vaults_trim,
          vaults_mumra_hexcomb, hangedman_vaults_river_flow, v_misc_13,
          ontoclasm_vaults_ring_small, dpeg_vaults_hating_casters, v_misc_15,
          nicolae_vaults_little_squares_4, vaults_dpeg_emergency_exit,
          layout_vaults_ring
Vaults:3: portal_desolation_entry_twin_temple, st_check, hangedman_vaults_locks,
          minmay_crypt_entry_nasty_monster,
          vaults_standard_mumra_enter_the_diamond, v_pattern_4,
          hangedman_vaults_pinch, vaults_room_fancy_cross,
          vaults_room_fancy_cross, hangedman_vaults_cutoff,
          ontoclasm_vaults_idyll, nicolae_vaults_little_ls, v_misc_13,
          layout_vaults_maze_bifur
Vaults:4: dpeg_vaults_monster_row, v_misc_17, grunt_vaults_trifunnel, v_rooms_5,
          hangedman_vaults_stagger, v_misc_31, v_pattern_2,
          ontoclasm_vaults_ligature, vaults_room_hallway, v_misc_22,
          vaults_room_semicircle, layout_vaults_chaotic_city
Vaults:5
Crypt:1:  layout_gridlike, basic_altar, grunt_crypt_arrival_webbed,
          uniq_saint_roka, uniq_margery, uniq_xtahua
Crypt:2:  layout_chaotic_city, mu_enter_wizlab_6
Crypt:3:  lightli_unholy_cathedral, layout_chaotic_city, fountainhead,
          nicolae_crypt_ancient_font
Tomb:1
Tomb:2
Tomb:3:   uniq_mennas
Depths:1: layout_long_grid, pan_entry, lemuel_statue_altar, serial_shops,
          nicolae_shop_advertising_works [nicolae_subvault_shop_adworks],
          kennysheep_little_box, nicolae_shop_bloodbath_and_beyond,
          nicolae_shop_statue_plus, grunt_mini_vestibule,
          chequers_serial_rivers_micro_b, lemuel_flamethrower_3
Depths:2: gammafunk_sealed_arena, layout_gridlike, enter_ziggurat_e,
          nicolae_hell_entry_big_baal_hell, skrybe_limestone_x, serial_sigils,
          serial_sigils_hangedman_gut, serial_sigils_hangedman_shear,
          serial_sigils_hangedman_quiver, serial_sigils_hangedman_carve,
          serial_sigils_hangedman_snap, rand_demon_pan_entry_5, uniq_mara
Depths:3: wad_statue_garden, layout_basic, nicolae_tso_carved_into_rock,
          nicolae_abyss_entry_one_way_or_another, hell_entry,
          dreamdust_looks_like_rain, infiniplex_staircase_star
Depths:4: grunt_crosshair, layout_cave_shapes, abyss_entry,
          hangedman_coc_ice_floe, pan_entry, minmay_misc_feat_nine_boxes,
          uniq_josephina
Hell
Coc:1:    layout_ice_bergs
Coc:2:    layout_ice_bergs
Coc:3:    layout_ice_bergs
Coc:4:    layout_ice_bergs, nicolae_hells_leichenhalle
Coc:5:    layout_cocytus_water_paths
Coc:6:    layout_cocytus_water_paths
Coc:7:    coc_dpeg
Tar:1:    layout_honeycomb
Tar:2:    layout_grid_maze
Tar:3:    layout_grid_maze
Tar:4:    layout_grid_maze
Tar:5:    layout_catacombs
Tar:6:    layout_grid_maze
Tar:7:    tar_grunt_cathedral
Zot:1:    layout_misc_corridors, nicolae_diode_quadrants, grunt_megastairs_3
Zot:2:    layout_basic
Zot:3:    layout_basic, grunt_megastairs_2
Zot:4:    layout_misc_corridors
Zot:5:    layout_cathedral_of_symmetry
Pan:      grunt_pan_sceptre, layout_cellular_growth, pan_blood_fountain,
          nicolae_pan_gloorx_vloqian_4, pan_disco_hall, layout_gridville,
          evilmike_mini_pan_doors_b, layout_rooms, rand_demon_9,
          layout_irregular_city, rand_demon_4, layout_irregular_city,
          nicolae_pan_giant_door, layout_gridlike, pan_blood_fountain_2,
          nicolae_pan_strange_glyphs [nicolae_pan_strange_glyph_worry,
          nicolae_pan_strange_glyph_worry, nicolae_pan_strange_glyph_disgust,
          nicolae_pan_strange_glyph_disgust, nicolae_pan_strange_glyph_fear],
          nicolae_pan_cerebovesque_1, rand_demon_3, layout_pan_divisions_b
          [pan_division_quadrant_b3, pan_division_quadrant_b3,
          pan_division_quadrant_b2, pan_division_quadrant_b4], rand_demon_9,
          layout_pan_divisions_b [pan_division_quadrant_b1,
          pan_division_quadrant_b5, pan_division_quadrant_b2,
          pan_division_quadrant_b6], gloorx_vloq_st, layout_gridlike,
          lemuel_hall_of_pain, layout_onion_city

Skill      XL: |  1  2  3  4  5  6  7  8  9 10 11 12 13 14 15 16 17 18 19 20 21 22 23 24 25 26 27 |
---------------+----------------------------------------------------------------------------------+-----
Necromancy     | 1 |  1.0
Fighting       | 3 4 5 6 8 10 11 12 13 14 15 17 18 19 20 21 22 23 24 25 27 | 27.0
Spellcasting   | 2 3 5 6 7 8 10 11 12 15 | 15.0
Translocations | 1 2 4 7 8 9 10 16 | 16.0
Long Blades    | 4 5 6 8 9 10 11 12 13 14 15 16 18 19 20 23 | 23.7
Armour         | 1 2 4 5 7 9 10 12 13 14 15 16 17 18 19 20 24 | 24.0
Dodging        | 2 4 5 7 9 10 11 16 | 16.0
Ice Magic      | 3 |  3.0
Invocations    | 1 5 8 10 12 13 14 15 25 | 25.2
Shields        | 4 7 8 10 11 12 13 15 19 | 19.3
Throwing       | 4 12 | 12.0
Transmutations | 1 3 5 7 8 10 | 10.0
Air Magic      | 2 4 6 8 11 | 11.4
Hexes          | 4 7 8 10 15 | 15.0
Fire Magic     | 5 |  5.2
Poison Magic   | 4 |  4.2
Conjurations   | 4 10 | 10.0

Action                     |  1- 3 |  4- 6 |  7- 9 | 10-12 | 13-15 | 16-18 | 19-21 | 22-24 | 25-27 || total
---------------------------+-------+-------+-------+-------+-------+-------+-------+-------+-------++-------
  Melee: Falchion          |    99 |    48 |       |       |       |   140 |   108 |       |       ||   395
         Long sword        |       |   126 |   184 |       |       |       |       |       |       ||   310
         Punch             |       |     4 |     7 |       |       |       |       |       |       ||    11
         Demon blade       |       |       |   150 |   450 |  1417 |   726 |       |       |       ||  2743
         Great sword       |       |       |     2 |       |       |       |       |       |       ||     2
         Scimitar          |       |       |       |   171 |    34 |   628 |       |       |       ||   833
         Staff             |       |       |       |       |     3 |       |       |       |       ||     3
         Double sword      |       |       |       |       |    99 |   242 |  1421 |  1352 |  2040 ||  5154
         Dagger            |       |       |       |       |    34 |       |       |       |       ||    34
         Eudemon blade     |       |       |       |       |       |       |       |   466 |  2398 ||  2864
  Throw: Boomerang         |       |       |    16 |    18 |     7 |       |       |       |       ||    41
         Javelin           |       |       |       |       |    11 |    26 |    25 |    11 |    10 ||    83
         Throwing net      |       |       |       |       |     3 |       |       |       |       ||     3
         Dart              |       |       |       |       |       |       |     1 |       |       ||     1
   Cast: Kiss of Death     |     4 |     5 |     2 |       |       |       |       |       |       ||    11
         Momentum Strike   |     1 |    15 |    27 |     7 |       |       |       |       |       ||    50
         Hailstorm         |       |       |    10 |    22 |       |       |       |       |       ||    32
         Wereblood         |       |       |       |       |       |     2 |    18 |     8 |    10 ||    38
         Silence           |       |       |       |       |       |       |    10 |     7 |    29 ||    46
         Passage of Golubr |       |       |       |       |       |       |     1 |     1 |       ||     2
         Manifold Assault  |       |       |       |       |       |       |     2 |   157 |   825 ||   984
         Blink             |       |       |       |       |       |       |     1 |     1 |     3 ||     5
         Swiftness         |       |       |       |       |       |       |       |     1 |     2 ||     3
         Vhi's Electric Ch |       |       |       |       |       |       |       |       |   141 ||   141
         Ignite Poison     |       |       |       |       |       |       |       |       |    64 ||    64
         Yara's Violent Un |       |       |       |       |       |       |       |       |    24 ||    24
         Irradiate         |       |       |       |       |       |       |       |       |     4 ||     4
         Passwall          |       |       |       |       |       |       |       |       |     1 ||     1
         Leda's Liquefacti |       |       |       |       |       |       |       |       |     1 ||     1
 Invoke: Heroism           |       |       |       |     5 |    19 |    30 |    16 |    14 |     5 ||    89
         Finesse           |       |       |       |     2 |     7 |     9 |     5 |     4 |     3 ||    30
         Duel              |       |       |       |       |     2 |     1 |       |     1 |       ||     4
         Summon Divine War |       |       |       |       |       |       |       |       |    54 ||    54
         Divine Shield     |       |       |       |       |       |       |       |       |    41 ||    41
         Cleansing Flame   |       |       |       |       |       |       |       |       |    41 ||    41
         Brand Weapon With |       |       |       |       |       |       |       |       |     1 ||     1
  Evoke: Wand              |       |       |       |       |       |     1 |       |       |       ||     1
    Use: Scroll            |       |    12 |     5 |     2 |    23 |     8 |     5 |     3 |    47 ||   105
         Potion            |       |       |     3 |     2 |     4 |     7 |     3 |     2 |    44 ||    65
   Stab: Petrified         |       |       |       |       |     4 |       |       |       |       ||     4
         Held in net/web   |       |       |       |       |     1 |       |       |       |       ||     1
         Petrifying        |       |       |       |       |     1 |       |       |       |       ||     1
         Paralysed         |       |       |       |       |     2 |       |     1 |       |       ||     3
         Invisible         |       |       |       |       |       |     3 |       |       |     1 ||     4
         Sleeping          |       |       |       |       |       |       |     1 |     1 |       ||     2
         Confused          |       |       |       |       |       |       |     1 |       |       ||     1
         Distracted        |       |       |       |       |       |       |       |     2 |       ||     2
 Armour: Leather armour    |    22 |    40 |       |       |       |       |       |       |       ||    62
         Troll leather arm |       |    16 |   118 |    63 |       |       |       |       |       ||   197
         Crystal plate arm |       |       |       |   248 |   322 |       |       |       |       ||   570
         Plate armour      |       |       |       |       |   348 |   816 |       |       |       ||  1164
         Pearl dragon scal |       |       |       |       |       |    42 |   524 |   477 |   882 ||  1925
  Dodge: Dodged            |    63 |    95 |   237 |   253 |   513 |   861 |   683 |   926 |  2223 ||  5854
  Block: Buckler           |       |       |     4 |    76 |   515 |  1266 |   691 |   774 |  2261 ||  5587
         Kite shield       |       |       |       |   158 |   521 |       |       |       |       ||   679
         Reflection        |       |       |       |       |    44 |    50 |    62 |    41 |   193 ||   390
         Tower shield      |       |       |       |       |       |       |       |       |   160 ||   160

Table legend: (Time is in decaauts)
 A = Elapsed time spent in this place.
 B = Non-inter-level travel time spent in this place.
 C = Inter-level travel time spent in this place.
 D = Time resting spent in this place.
 E = Time spent auto-exploring this place.
 F = Levels seen in this place.
 G = Mean time per level.
                   A        B        C        D        E       F      G
               +--------+--------+--------+--------+--------+-----+--------+
         Total |  90076 |  80631 |   9445 |   6423 |  51300 |  95 |  948.2 |
       Dungeon |  17603 |  13733 |   3870 |    455 |   9980 |  15 | 1173.5 |
        Temple |     64 |     47 |     17 |      0 |      0 |   1 |   64.0 |
          Lair |   5671 |   4726 |    945 |    201 |   3323 |   5 | 1134.2 |
         Swamp |   3834 |   3600 |    234 |    140 |   2384 |   4 |  958.5 |
   Spider Nest |   4346 |   4169 |    177 |    404 |   2469 |   4 | 1086.5 |
    Slime Pits |   2144 |   1991 |    153 |    267 |   1309 |   5 |  428.8 |
  Orcish Mines |   1510 |   1168 |    342 |     75 |    808 |   2 |  755.0 |
   Elven Halls |   5084 |   4734 |    350 |    347 |   3380 |   3 | 1694.7 |
        Vaults |  10534 |   9790 |    744 |     49 |   8016 |   5 | 2106.8 |
         Crypt |   4611 |   4115 |    496 |    429 |   2669 |   3 | 1537.0 |
          Tomb |   2828 |   2734 |     94 |   1216 |      0 |   3 |  942.7 |
        Depths |   7877 |   6416 |   1461 |    757 |   4030 |   4 | 1969.2 |
          Hell |    676 |    595 |     81 |      0 |    363 |   1 |  676.0 |
       Cocytus |   3529 |   3453 |     76 |    529 |   1725 |   7 |  504.1 |
      Tartarus |   3095 |   2925 |    170 |    410 |   1437 |   7 |  442.1 |
           Zot |   3681 |   3453 |    228 |    171 |   2627 |   5 |  736.2 |
         Abyss |    400 |    400 |      0 |     23 |      0 |   2 |  200.0 |
   Pandemonium |   9093 |   9093 |      0 |    376 |   5615 |  10 |  909.3 |
         Sewer |    271 |    271 |      0 |     20 |    159 |   1 |  271.0 |
      Ice Cave |    570 |    570 |      0 |    229 |     46 |   1 |  570.0 |
        Wizlab |    719 |    719 |      0 |    134 |      0 |   1 |  719.0 |
    Desolation |   1489 |   1489 |      0 |    168 |    792 |   1 | 1489.0 |
      Gauntlet |    374 |    374 |      0 |      0 |    166 |   1 |  374.0 |
         Arena |     63 |     63 |      0 |     19 |      0 |   4 |   15.8 |
               +--------+--------+--------+--------+--------+-----+--------+

Top non-repeatable levels by time:
Vaults:1: 2458 daAuts
Depths:1: 2305 daAuts
Vaults:2: 2153 daAuts
Vaults:3: 2043 daAuts
Vaults:5: 2029 daAuts
    D:15: 2016 daAuts
Depths:2: 1933 daAuts
   Elf:3: 1888 daAuts
Depths:3: 1852 daAuts
Vaults:4: 1849 daAuts
    D:13: 1786 daAuts
Depths:4: 1785 daAuts
   Elf:1: 1726 daAuts
     D:4: 1705 daAuts
 Crypt:3: 1696 daAuts
